Workbook

Sheet 12-2018
B1: SND | E1: SNA | H1: STA
B2: PREVU | C2: REALISATION | D2: PREVISION | E2: PREVU | F2: REALISATION | G2: PREVISION | H2: PREVU | I2: REALISATION | J2: PREVISION
B3: STB MEG | C3: STB MEG | D3: STB MEG | E3: STB MEG | F3: STB MEG | G3: STB MEG | H3: STB MEG | I3: STB MEG | J3: STB MEG
A4: SOLDE au 05/12/2018 | B4: -128187.59 | C4: =+B4 -> -128187.59 | D4: =+C73 -> -149983.79 | E4: -1982070.1 | F4: -1982070.1 | G4: =+F73 -> -6522387.9 | H4: -1069877.5 | I4: =+H4 -> -1069877.5 | J4: =+I73 -> -827952.69
A5: EN COURS | B5: =SUM(B6:B9) -> 523027.25 | C5: =SUM(C6:C9) -> 1288748.2 | D5: =SUM(D6:D9) -> 282899.87 | E5: =SUM(E6:E9) -> 0 | F5: =SUM(F6:F9) -> 0 | G5: =SUM(G6:G9) -> 156000 | H5: =SUM(H6:H9) -> 0 | I5: =SUM(I6:I9) -> 0 | J5: =SUM(J6:J9) -> 0
A6: Cheque | B6: =77233.683+1956.229+9618.429 -> 88808.341 | C6: 560735.74 | D6: =59281.709+13634.803 -> 72916.512 | G6: =53000+16000+19000+53000+15000 -> 156000
A7: Escompte | B7: =2242.96+37030.124+17457.144+84378.865+17378.548+14671.606+44712.13+15187.455+4021.908+41139.359+30876.093+33929.835+28308.576+40775.727+6882.86 -> 418993.19 | C7: 517011.65 | D7: =23478.611+16157.329+32345.317+45914.5979999999+11386.977+6614.643+12037.435+23643.472+35584.838 -> 207163.22
A8: Espece | B8: 15225.72 | C8: 122596.02 | D8: 2820.136
A9: Virement | C9: 88404.838
A10: Previsions | B10: =B11+B12+B13+B14+B15 -> 1481562.4 | C10: =C11+C12+C13+C14+C15 -> 0 | D10: =D11+D12+D13+D14+D15 -> 467984.17 | E10: =E15+E11+E12+E13+E14 -> 2513256 | F10: =F15+F11+F12+F13+F14 -> -2571355.1 | G10: =G15+G11+G12+G13+G14 -> 4805000 | H10: =H11+H12+H14+H15+H30+H27+H13 -> 732750 | I10: =I11+I12+I14+I15+I23+I30+I27 -> 328295.43 | J10: =J11+J12+J14+J15+J23+J30 -> 200000
A11: Cheque PF | B11: =CT!D431 -> 836562.38 | D11: 427984.17 | E11: =B59 -> 1750000 | F11: 1154000 | G11: =+D59 -> 845000 | H11: 400000 | J11: =+G57 -> 200000
A12: Espece | B12: 165000 | D12: 20000
A13: Cheque V | B13: 180000 | D13: 20000 | E13: 450000 | G13: 50000
A14: Escompte | B14: 300000 | H14: 200000
A15: Virement | B15: 0 | E15: =SUM(E16:E30) -> 313256 | F15: =SUM(F16:F30) -> -3725355.1 | G15: =SUM(G16:G30) -> 3910000 | H15: =SUM(H16:H30) -> 132750 | I15: =SUM(I16:I30) -> 346420.22 | J15: =SUM(J16:J30) -> 0
A16: Vente Devise | H16: 132750 | I16: 134685
A17: Maribat
A18: El Haramaine
A19: Allemagne
A20: Med Energy
A21: Errafik
A22: COTE D'IVOIRE
A23: CREDIT DE GESTION | F23: =-4038540.332-70.782 -> -4038611.1 | G23: =4000000-90000 -> 3910000 | I23: -18124.783
A24: CMT
A25: RESTITUTION TVA
A26: PRIME INVESTISSEMENT | E26: 313256 | F26: 313256
A27: Dividendes
A28: BILLET DE TRESORERIE
A29: C C A | I29: 229860
A30: MCNE
A31: Placement
A32: CMT
A33: Depenses | B33: =B34+B49+B69 -> 2187290 | C33: =C34+C49+C69 -> 1310544.4 | D33: =D34+D49+D69 -> 900000 | E33: =E34+E49+E69 -> 2622095.2 | F33: =F34+F49+F69 -> 1968962.7 | G33: =G34+G49+G69 -> 949575.99 | H33: =H34+H49+H69 -> 95281.447 | I33: =I34+I49+I69 -> 86370.662 | J33: =J34+J49+J69 -> 63359.655
A34: Import | E34: =SUM(E35:E48) -> 0 | F34: =SUM(F35:F48) -> 0 | G34: =SUM(G35:G48) -> 0 | H34: =SUM(H35:H48) -> 0 | I34: =SUM(I35:I48) -> 0 | J34: =SUM(J35:J48) -> 0
A35: STCM
A36: WIRTZ
A37: Biasin
A38: Daramic
A39: HB FULLER
A40: CEMT
A41: Goonvean
A42: Accuma
A43: Akumsan
A44: COPLOSA
A45: Sovema
A46: Glatfelter
... A48: DEMETAL
A49: Local | B49: =SUM(B50:B68) -> 2187290 | C49: =SUM(C50:C68) -> 1310544.4 | D49: =SUM(D50:D68) -> 900000 | E49: =SUM(E50:E67) -> 2513993.4 | F49: =SUM(F50:F67) -> 1968962.7 | G49: =SUM(G50:G67) -> 841473.99 | H49: =SUM(H50:H68) -> 95281.447 | I49: =SUM(I50:I67) -> 86370.662 | J49: =SUM(J50:J65) -> 63359.655
A50: Recette des Finances | B50: 20000 | D50: 20000 | E50: 140000 | G50: 140000 | H50: 7238.945 | J50: 10000
A51: Salaires | B51: 30000 | D51: 30000 | E51: =110000+28000 -> 138000 | F51: 42306.911 | G51: =79000+27000 -> 106000 | H51: =15000+10000 -> 25000 | I51: 11358.59 | J51: 25000
A52: CNSS | C52: 142.303 | F52: 365.416
A53: Steg | E53: 120000 | F53: 121604.76 | G53: 115473.99 | H53: 12000 | I53: 10502.684 | J53: 18359.655
A54: Leasing | B54: 9580.561 | C54: 9584.131 | E54: 7940.233 | F54: 7940.233
A55: Plomb local | E55: =SNA!F93+200000+70000+80000 -> 448500 | F55: =63200.31+394000+82511.699 -> 539712.01 | G55: 170000
A56: Traite STA | B56: =SND!F19+SND!F22 -> 50000 | C56: 50000
A57: STA | E57: 410000 | G57: 200000
A58: Traite SNA | B58: =SND!F18+SND!F21+SND!F23 -> 300000 | C58: 300000
A59: SNA | B59: 1750000 | C59: 920000 | D59: 845000
A60: VENTE DEVISE
A61: Fonderie | E61: 160000 | F61: 160000
A62: PHENICIA | F62: 242404.44
A63: NOUR HEMP | E63: 30000
A64: TIP | E64: 110000 | G64: 60000
A65: Fournisseurs | B65: =SND!F16+SND!F17+SND!F20 -> 12709.395 | C65: 30818.01 | D65: 5000 | E65: =SNA!F79+SNA!F80+SNA!F81+SNA!F83+SNA!F84+SNA!F85+SNA!F86+SNA!F87+SNA!F88+SNA!F89+SNA!F90+SNA!F91+SNA!F92+SNA!F94+SNA!F95+SNA!F96+SNA!F97+SNA!F98+SNA!F99+SNA!F100+SNA!F101+SNA!F102+SNA!F103+SNA!F104+SNA!F105+SNA!F106+SNA!F107+SNA!F108+SNA!F109+SNA!F110+SNA!F111+SNA!F112+SNA!F113+SNA!F114+SNA!F115+SNA!F116 -> 649553.13 | F65: 854628.89 | H65: =STA!F26+STA!F27+STA!F28+STA!F29 -> 11042.502 | I65: 64509.388 | J65: 10000
A66: DIVERS ET IMPREVUE | B66: 15000 | E66: 300000 | G66: 50000 | H66: 40000
A67: CCA
A68: Dividendes | B68: 0
A69: Engagement Banque | B69: =SUM(B70:B72) -> 0 | C69: =SUM(C70:C72) -> 0 | D69: =SUM(D70:D72) -> 0 | E69: =SUM(E70:E72) -> 108101.79 | F69: =SUM(F70:F72) -> 0 | G69: =SUM(G70:G72) -> 108102 | H69: =SUM(H70:H72) -> 0 | I69: =SUM(I70:I72) -> 0 | J69: =SUM(J70:J72) -> 0
A70: CMT | E70: =CMT!G49 -> 43858.125 | G70: 43858
A71: OBLIGATION DOUANES | E71: =SNA!F82 -> 64243.669 | G71: 64244
A72: CREDIT DE GESTION
A73: Solde au 31/12/2018 | B73: =B4+B5+B10-B33 -> -310887.92 | C73: =C4+C5+C10-C33 -> -149983.79 | D73: =D4+D5+D10-D33 -> -299099.75 | E73: =E4+E5+E10-E33 -> -2090909.3 | F73: =F4+F5+F10-F33 -> -6522387.9 | G73: =G4+G5+G10-G33 -> -2510963.9 | H73: =H4+H5+H10-H33 -> -432408.91 | I73: =I4+I5+I10-I33 -> -827952.69 | J73: =J4+J5+J10-J33 -> -691312.35
A74: Autorisation | B74: -300000 | E74: -2000000 | H74: -420000

Sheet etranger
A1: =TODAY() -> 43461
A2: TAUX EURO/TND | C2: 43100 | D2: 2.9478
A3: TAUX USD/TND | C3: 43100 | D3: 2.4839
A4: TAUX GBP/TND | C4: 43100 | D4: 3.3113
A5: TAUX CNY/TND | C5: 43100 | D5: 0.384
A6: S T A
A7: FOURNISSEUR | B7: MONNAIE | C7: MONT DEV. | D7: MONT DT | E7: DATE FACTURE | F7: ECHEANCE
A9: TOTAL | C9: =SUM(C8:C8) -> 0
A12: TOTAL | C12: =SUM(C11:C11) -> 0
A15: TOTAL | C15: =SUM(C14:C14) -> 0
A18: TOTAL | C18: =SUM(C17:C17) -> 0
A20: S N A
A21: ACCUMA 25 | B21: EUR | C21: 73172.49 | D21: =+C21*$D$2 -> 215697.87 | E21: 43336 | F21: =E21+90 -> 43426
A22: ACCUMA 26 | B22: EUR | C22: 48306.92 | D22: =+C22*$D$2 -> 142399.14 | E22: 43353 | F22: =E22+90 -> 43443
A23: ACCUMA 27 | B23: EUR | C23: 59286.47 | D23: =+C23*D2 -> 174764.66 | E23: 43362 | F23: =E23+90 -> 43452
A24: ACCUMA 28 | B24: EUR | C24: 41449.81 | D24: =+C24*D2 -> 122185.75 | E24: 43371 | F24: =E24+90 -> 43461
A25: ACCUMA 29 | B25: EUR | C25: 24507.47 | D25: =+C25*D2 -> 72243.12 | E25: 43412 | F25: =E25+90 -> 43502
A26: ACCUMA 30 | B26: EUR | C26: 13362.02 | D26: =+C26*D2 -> 39388.563 | E26: 43431 | F26: =E26+90 -> 43521
A28: TOTAL | C28: =SUM(C21:C27) -> 260085.18
A31: TOTAL | C31: =SUM(C30:C30) -> 0
A35: TOTAL | C35: =SUM(C33) -> 0
A37: DARAMIC | B37: EUR | C37: 47512.84 | D37: =+C37*D2 -> 140058.35 | E37: 43370 | F37: =+E37+90 -> 43460
A38: DARAMIC | B38: EUR | C38: 7706.5 | D38: =+C38*D2 -> 22717.221 | E38: 43383 | F38: =+E38+90 -> 43473
A39: TOTAL | C39: =SUM(C37:C38) -> 55219.34
A42: TOTAL | C42: =SUM(C41:C41) -> 0
A45: TOTAL | C45: =SUM(C44:C44) -> 0
A48: TOTAL | C48: =SUM(C47:C47) -> 0
A51: TOTAL | C51: =SUM(C50:C50) -> 0
A56: TOTAL | C56: =SUM(C53:C55) -> 0
A58: HEMPE | B58: EUR | C58: 335000 | E58: 42898 | F58: 71000
E59: 42927 | F59: 40000
E60: 43004 | F60: 15000
E61: 43006 | F61: 16000
E62: 43020 | F62: 25000
E63: 43208 | F63: 45000
A64: HEMPE | B64: EUR | C64: =65000+9000 -> 74000 | E64: 43189 | F64: 59500
A66: HEMPE | B66: EUR | C66: =14477.06+837.73 -> 15314.79
A67: TOTAL | C67: =SUM(C58:C66) -> 424314.79
A69: HEMPE 2 | B69: EUR | C69: 67500 | E69: 43074 | F69: 12000
A70: TOTAL | C70: =SUM(C69:C69) -> 67500
A73: TOTAL | C73: =SUM(C72:C72) -> 0
A76: TOTAL | C76: =SUM(C75:C75) -> 0

Sheet CMT
B1: STA-NOUR
B2: ECHEANCIER 2018
B4: Crédit | D4: Échéance | E4: Principal | F4: Intérêt | G4: Total | H4: PP | I4: INT
B5: STB MEG | C5: 400000 | D5: 43131 | E5: 41341.207 | F5: 1928.602 | G5: =SUM(E5:F5) -> 43269.809
B6: Total 12/2017 | E6: =SUM(E5:E5) -> 41341.207 | F6: =SUM(F5:F5) -> 1928.602 | G6: =SUM(G5:G5) -> 43269.809
B8: TOTAL 2017 | E8: =E6 -> 41341.207 | F8: =F6 -> 1928.602 | G8: =G6 -> 43269.809
B10: SNA-NOUR
B11: ECHEANCIER 2018
B13: Crédit | D13: Échéance | E13: Principal | F13: Intérêt | G13: Total | H13: PP | I13: INT
B14: BTK | C14: 1488000 | D14: 43126 | E14: 106285.71 | F14: 9370.857 | G14: =SUM(E14:F14) -> 115656.57
B15: STB TH | C15: 2418000 | D15: 43126 | E15: 172714.29 | F15: 14565.571 | G15: =SUM(E15:F15) -> 187279.86
B16: Total 01/2018 | E16: =SUM(E14:E15) -> 279000 | F16: =SUM(F14:F15) -> 23936.428 | G16: =SUM(E16:F16) -> 302936.43
B17: STB TH | C17: 500000 | D17: 43190 | E17: 41666.667 | F17: 7631.25 | G17: =SUM(E17:F17) -> 49297.917
B18: STB TH | C18: 1150000 | D18: 43190 | E18: 95833.333 | F18: 17103.854 | G18: =SUM(E18:F18) -> 112937.19
B19: STB TH | C19: 1000000 | D19: 43190 | E19: 83333.333 | F19: 14827.083 | G19: =SUM(E19:F19) -> 98160.417
B20: STB TH | C20: 1000000 | D20: 43190 | E20: 0 | F20: 1251.786 | G20: =SUM(E20:F20) -> 1251.786
B21: STB TH | C21: 350000 | D21: 43190 | E21: 29166.667 | F21: 5245.625 | G21: =SUM(E21:F21) -> 34412.292
B22: STB TH | C22: 500000 | D22: 43190 | E22: 41666.667 | F22: 7631.25 | G22: =SUM(E22:F22) -> 49297.917
B23: Total 03/2018 | E23: =SUM(E17:E22) -> 291666.67 | F23: =SUM(F17:F22) -> 53690.849 | G23: =SUM(E23:F23) -> 345357.52
B24: STB TH | C24: 500000 | D24: 43281 | E24: 0 | F24: 7014.583 | G24: =SUM(E24:F24) -> 7014.583
B25: STB TH | C25: 1150000 | D25: 43281 | E25: 0 | F25: 15721.725 | G25: =SUM(E25:F25) -> 15721.725
B26: STB TH | C26: 1000000 | D26: 43281 | E26: 0 | F26: 13628.935 | G26: =SUM(E26:F26) -> 13628.935
B27: STB TH | C27: 1000000 | D27: 43281 | E27: 71428.571 | F27: 1265.695 | G27: =SUM(E27:F27) -> 72694.266 | H27: REGLEMENT FINAL
B28: STB TH | C28: 350000 | D28: 43281 | E28: 0 | F28: 4821.736 | G28: =SUM(E28:F28) -> 4821.736
B29: STB TH | C29: 500000 | D29: 43281 | E29: 0 | F29: 7014.583 | G29: =SUM(E29:F29) -> 7014.583
B30: Total 06/2018 | E30: =SUM(E24:E29) -> 71428.571 | F30: =SUM(F24:F29) -> 49467.257 | G30: =SUM(E30:F30) -> 120895.83
B31: BTK | C31: 1488000 | D31: 43307 | E31: 106285.71 | F31: 6145.381 | G31: =SUM(E31:F31) -> 112431.1
B32: STB TH | C32: 2418000 | D32: 43307 | E32: 172714.29 | F32: 9552.059 | G32: =SUM(E32:F32) -> 182266.35
B33: STB TH | C33: 2500000 | D33: 43312 | E33: 0 | F33: 68507.639 | G33: =SUM(E33:F33) -> 68507.639
B34: Total 07/2018 | E34: =SUM(E31:E33) -> 279000 | F34: =SUM(F31:F33) -> 84205.079 | G34: =SUM(E34:F34) -> 363205.08
B35: STB TH | C35: 500000 | D35: 43373 | E35: 41666.667 | F35: 7091.667 | G35: =SUM(E35:F35) -> 48758.334
B36: STB TH | C36: 1150000 | D36: 43373 | E36: 95833.333 | F36: 15894.491 | G36: =SUM(E36:F36) -> 111727.82
B37: STB TH | C37: 1000000 | D37: 43373 | E37: 83333.333 | F37: 13778.704 | G37: =SUM(E37:F37) -> 97112.037
B38: STB TH | C38: 350000 | D38: 43373 | E38: 29166.667 | F38: 4874.722 | G38: =SUM(E38:F38) -> 34041.389
B39: STB TH | C39: 500000 | D39: 43373 | E39: 41666.667 | F39: 7091.667 | G39: =SUM(E39:F39) -> 48758.334
B40: Total 09/2018 | E40: =SUM(E35:E39) -> 291666.67 | F40: =SUM(F35:F39) -> 48731.25 | G40: =SUM(E40:F40) -> 340397.92
B41: STB TH | C41: 2500000 | D41: 43404 | E41: 0 | F41: 52963.889 | G41: =SUM(E41:F41) -> 52963.889
B42: STB TH | C42: 1250000 | D42: 43404 | E42: 0 | F42: 36753.273 | G42: =SUM(E42:F42) -> 36753.273
B43: Total 10/2018 | E43: =SUM(E41:E41) -> 0 | F43: =SUM(F41:F42) -> 89717.162 | G43: =SUM(E43:F43) -> 89717.162
B44: STB TH | C44: 500000 | D44: 43465 | E44: 0 | F44: 6382.5 | G44: =SUM(E44:F44) -> 6382.5
B45: STB TH | C45: 1150000 | D45: 43465 | E45: 0 | F45: 14305.042 | G45: =SUM(E45:F45) -> 14305.042
B46: STB TH | C46: 1000000 | D46: 43465 | E46: 0 | F46: 12400.833 | G46: =SUM(E46:F46) -> 12400.833
B47: STB TH | C47: 350000 | D47: 43465 | E47: 0 | F47: 4387.25 | G47: =SUM(E47:F47) -> 4387.25
B48: STB TH | C48: 500000 | D48: 43465 | E48: 0 | F48: 6382.5 | G48: =SUM(E48:F48) -> 6382.5
B49: Total 12/2018 | E49: =SUM(E44:E48) -> 0 | F49: =SUM(F44:F48) -> 43858.125 | G49: =SUM(E49:F49) -> 43858.125
B51: TOTAL 2018 | E51: =+E49+E40+E34+E30+E23+E16+E43 -> 1212761.9 | F51: =+F49+F40+F34+F30+F23+F16+F43 -> 393606.15 | G51: =+G49+G40+G34+G30+G23+G16+G43 -> 1606368.1

Sheet EXPORT
A2: CLIENT | B2: Facture | H2: MCNE | K2: REGLEMENT | M2: DIFFERENCE
B3: Numéro | C3: Date | D3: DEV | E3: MONTANT | F3: TND | G3: Échéance | H3: Montant | I3: DATE MEP | J3: ECHEANCE | K3: Montant | L3: Date
A4: MARIBAT | B4: EX150015 | C4: 42338 | D4: USD | E4: 185713.44 | F4: =+E4*2.0433 -> 379468.27 | G4: 42459 | H4: 305000 | J4: =+C4+90 -> 42428 | K4: =90414.1+83300*1.12825 -> 184397.33 | M4: =E4-K4 -> 1316.115
A5: EL HARAMAINE | B5: EX160002 | C5: 42389 | D5: USD | E5: 57547.5 | F5: =E5*2.0365 -> 117195.48 | G5: 42479 | K5: 57547.5 | M5: =E5-K5 -> 0
A6: MED ENERGY | B6: EX160003 | C6: 42394 | D6: USD | E6: 61973.64 | F6: =E6*2.03285 -> 125983.11 | G6: 42484 | K6: 61973.64 | M6: =E6-K6 -> 0
A7: MED ENERGY | B7: EX160004 | C7: 42422 | D7: USD | E7: 31260.71 | F7: =+E7*2.0168 -> 63046.6 | G7: =+C7+90 -> 42512 | K7: 31182.71 | M7: =E7-K7 -> 78
A8: MARIBAT | B8: EX160005 | C8: 42432 | D8: USD | E8: 97110.5 | F8: =E8*2.02425 -> 196575.93 | G8: 42567 | K8: =12997+84054 -> 97051 | M8: =E8-K8 -> 59.5
A9: MED ENERGY | B9: EX160006 | C9: 42445 | D9: USD | E9: 17500.78 | F9: =+E9*2.01395 -> 35245.696 | G9: =C9+90 -> 42535 | K9: 17437.78 | M9: =E9-K9 -> 63
A10: MARIBAT | B10: EX160007 | C10: 42461 | D10: USD | E10: 15887.8 | F10: =E10*1.98505 -> 31538.077 | G10: 42585 | K10: =2196.38+13625 -> 15821.38 | M10: =E10-K10 -> 66.42
A11: MED ENERGY | B11: EX160008 | C11: 42495 | D11: USD | E11: 13784.67 | F11: =+E11*1.98675 -> 27386.693 | G11: =+C11+90 -> 42585 | K11: 13719.17 | M11: =E11-K11 -> 65.5
A12: MED ENERGY | B12: EX160009 | C12: 42495 | D12: EUR | E12: 58790.64 | F12: =+E12*2.2687 -> 133378.32 | G12: =+C12+90 -> 42585 | K12: =46740.64+11960 -> 58700.64 | M12: =E12-K12 -> 90
A13: MARIBAT | B13: EX160010 | C13: 42506 | D13: USD | E13: 38827.5 | F13: =+E13*2.0226 -> 78532.502 | G13: 42630 | K13: =5188.54+33549.74 -> 38738.28 | M13: =E13-K13 -> 89.22
A14: MARIBAT | B14: EX160011 | C14: 42542 | D14: USD | E14: 37074 | F14: =+E14*2.14625 -> 79570.073 | G14: 42669 | K14: =13578+5163.9+18217.5 -> 36959.4 | M14: =E14-K14 -> 114.6
A15: MARIBAT | B15: EX160012 | C15: 42542 | D15: USD | E15: 3480 | F15: =+E15*2.14625 -> 7468.95 | G15: 42669 | K15: 3455 | M15: =E15-K15 -> 25
A16: ERRAFIK | B16: EX160014 | C16: 42695 | D16: EUR | E16: 284382.2 | F16: =+E16*2.42505 -> 689641.05 | G16: =+C16+60 -> 42755 | K16: =49950+100950+101950+31500 -> 284350 | M16: =E16-K16 -> 32.2
A17: ERRAFIK | B17: EX160015 | C17: 42704 | D17: EUR | E17: 187097.52 | F17: =+E17*2.42625 -> 453945.36 | G17: =+C17+60 -> 42764 | K17: =102950-31500+103950+11480 -> 186880 | M17: =E17-K17 -> 217.52
A18: MARIBAT | B18: EX170001 | C18: 42765 | D18: USD | E18: 73064.4 | F18: =+E18*2.26605 -> 165567.58 | G18: =+C18+120 -> 42885 | K18: =10173.28+62770 -> 72943.28 | M18: =+E18-K18 -> 121.12
A19: ENERTECH | B19: EX170002 | C19: 42780 | D19: EUR | E19: 17555.59 | F19: =+E19*2.4179 -> 42447.661 | G19: =+C19 -> 42780 | K19: 17555.59 | M19: =+E19-K19 -> 0
A20: MARIBAT | B20: EX170003 | C20: 42781 | D20: USD | E20: 17856 | F20: =+E20*2.272 -> 40568.832 | G20: =+C20+120 -> 42901 | K20: =2549.2+15270 -> 17819.2 | M20: =+E20-K20 -> 36.8
A21: MARIBAT | B21: EX170004 | C21: 42844 | D21: USD | E21: 35287.2 | F21: =+E21*2.31555 -> 81709.276 | G21: =+C21+120 -> 42964 | K21: =5062.04+30100 -> 35162.04 | M21: =+E21-K21 -> 125.16
A22: MARIBAT | B22: EX170005 | C22: 42864 | D22: USD | E22: 73647 | F22: =+E22*2.39905 -> 176682.84 | G22: =+C22+120 -> 42984 | K22: =10380.8+63196.5 -> 73577.3 | M22: =+E22-K22 -> 69.7
A23: MARIBAT | B23: EX170006 | C23: 42888 | D23: USD | E23: 44179.99 | F23: =+E23*2.42865 -> 107297.73 | G23: =+C23+120 -> 43008 | K23: =4855.4+39173.04 -> 44028.44 | M23: =+E23-K23 -> 151.55
A24: MARIBAT | B24: EX170007 | C24: 42928 | D24: USD | E24: 92625.75 | F24: =+E24*2.4274 -> 224839.75 | G24: =+C24+120 -> 43048 | K24: =12804.1+79661.5 -> 92465.6 | M24: =+E24-K24 -> 160.15
A25: ENERTECH | B25: EX170008 | C25: 42998 | D25: EUR | E25: 17117.85 | F25: =+E25*2.9097 -> 49807.808 | G25: =+C25+120 -> 43118 | K25: 17117.85 | M25: =+E25-K25 -> 0
A26: MARIBAT | B26: EX170009 | C26: 43054 | D26: USD | E26: 71193.6 | F26: =+E26*2.4747 -> 176182.8 | G26: =+C26+120 -> 43174 | K26: =10243.52+40535+20400 -> 71178.52 | M26: =+E26-K26 -> 15.08
A27: ENERTECH | B27: EX170010 | C27: 43073 | D27: EUR | E27: 16991.82 | F27: =+E27*2.9231 -> 49668.789 | G27: =+C27+0 -> 43073 | K27: 16991.82 | M27: =+E27-K27 -> 0
A28: MARIBAT | B28: EX170011 | C28: 43084 | D28: USD | E28: 72028.8 | F28: =+E28*2.4744 -> 178228.06 | G28: =+C28+120 -> 43204 | K28: =10364.16+61492.5 -> 71856.66 | M28: =+E28-K28 -> 172.14
A29: ENERTECH | B29: EX180002 | C29: 43182 | D29: EUR | E29: 13950.45 | F29: =+E29*2.9343 -> 40934.805 | G29: =+C29 -> 43182 | K29: 13950.45 | M29: =+E29-K29 -> 0
A30: MARIBAT | B30: EX180001 | C30: 43164 | D30: USD | E30: 35971.2 | F30: =+E30*2.38585 -> 85821.888 | G30: =+C30+120 -> 43284 | K30: =5174.34+49985-20400 -> 34759.34 | M30: =+E30-K30 -> 1211.86
A33: CLIENT | B33: Facture | H33: MCNE | K33: REGLEMENT | M33: DIFFERENCE
B34: Numéro | C34: Date | D34: DEV | E34: MONTANT | F34: TND | G34: Échéance | H34: Montant | I34: DATE MEP | J34: ECHEANCE | K34: Montant | L34: Date
A35: MARIBAT | B35: FN110017 | C35: 40680 | D35: EUR | E35: 5190.95 | F35: =+E35*1.95835 -> 10165.697 | G35: =+C35+90 -> 40770 | M35: =+E35-K35 -> 5190.95
A36: MARIBAT | B36: FN150083 | C36: 42356 | D36: USD | E36: 217912.86 | F36: =E36*2.01185 -> 438407.99 | G36: 42485 | K36: =113564.6+104348.26 -> 217912.86 | M36: =E36-K36 -> 0
A37: ERRAFIK | B37: FN150084 | C37: 42359 | D37: EUR | E37: 694484.64 | F37: =E37*2.19375 -> 1523525.7 | G37: 42456 | K37: =49960-39400+88520+100950+99945+49934.5+99924.5+24900+24960+49900+29960+29982+34949.5+21960+28000 -> 694445.5 | M37: =E37-K37 -> 39.14
A38: MARIBAT | B38: FN150085 | C38: 42363 | D38: EUR | E38: 2590.8 | F38: =+E38*2.19995 -> 5699.6305 | G38: 42485 | K38: 2783.74 | M38: =E38-K38 -> -192.94
A39: MED ENERGY | B39: FN160001 | C39: 42388 | D39: EUR | E39: 70769.15 | F39: =E39*2.21425 -> 156700.59 | G39: 42478 | K39: =20719.15+24950+24950 -> 70619.15 | M39: =E39-K39 -> 150
A40: MARIBAT | B40: FN160002 | C40: 42394 | D40: USD | E40: 120772.23 | F40: =+E40*2.0293 -> 245083.09 | G40: 42522 | K40: =61633.4-K41+60440.56 -> 120729.96 | M40: =E40-K40 -> 42.27
A41: MARIBAT | B41: FN160003 | C41: 42396 | D41: USD | E41: 1344 | F41: =+E41*2.0293 -> 2727.3792 | G41: 42522 | K41: 1344 | M41: =E41-K41 -> 0
A42: ERRAFIK | B42: FN160007 | C42: 42405 | D42: EUR | E42: 354482.12 | F42: =E42*2.232 -> 791204.09 | G42: 42502 | K42: =54480+50000+100000+100000+5000+40000+5002.12 -> 354482.12 | M42: =E42-K42 -> 0
A43: MARIBAT | B43: FN160008 | C43: 42412 | D43: USD | E43: 110497.38 | F43: =E43*2.00195 -> 221210.23 | G43: 42543 | K43: =58678.54-3945.6+55714.44 -> 110447.38 | M43: =E43-K43 -> 50
A44: MED ENERGY | B44: FN160009 | C44: 42412 | D44: EUR | E44: 52613.6 | F44: =E44*2.24105 -> 117909.71 | G44: 42502 | K44: 52563.6 | M44: =E44-K44 -> 50
A45: MARIBAT | B45: FN160010 | C45: 42416 | D45: USD | E45: 3945.6 | F45: =E45*2.00195 -> 7898.8939 | G45: 42543 | K45: 3945.6 | M45: =E45-K45 -> 0
A46: MED ENERGY | B46: FN160011 | C46: 42422 | D46: EUR | E46: 36924.26 | F46: =+E46*2.2214 -> 82023.551 | G46: =+C46+90 -> 42512 | K46: 36874.26 | M46: =E46-K46 -> 50
A47: EL HARAMAINE | B47: FN160012 | C47: 42423 | D47: USD | E47: 58754.1 | F47: =+E47*2.01295 -> 118269.07 | G47: =+C47+90 -> 42513 | K47: 58754.1 | M47: =E47-K47 -> 0
A48: ERRAFIK | B48: FN160016 | C48: 42436 | D48: EUR | E48: 346818.74 | F48: =+E48*2.2428 -> 777845.07 | G48: =+C48+90 -> 42526 | H48: 620000 | J48: 42521 | K48: =79900-5002.12+25000+25000+25000+15000+80000+40000+31840+9950+20000 -> 346687.88 | M48: =E48-K48 -> 130.86
A49: MED ENERGY | B49: FN160017 | C49: 42445 | D49: EUR | E49: 56915.18 | F49: =+E49*2.2342 -> 127159.9 | G49: =+C49+90 -> 42535 | K49: =20865.18+36000 -> 56865.18 | M49: =E49-K49 -> 50
A50: MED ENERGY | B50: FN160018 | C50: 42460 | D50: EUR | E50: 55894.19 | F50: =E50*2.25995 -> 126318.07 | G50: =+C50+90 -> 42550 | K50: =46844.19-36000+22950+21950 -> 55744.19 | M50: =E50-K50 -> 150
A51: MARIBAT | B51: FN160022 | C51: 42461 | D51: USD | E51: 124293.26 | F51: =E51*1.98505 -> 246728.34 | G51: 42585 | K51: =60173.9+64059.36 -> 124233.26 | M51: =E51-K51 -> 60
A52: MED ENERGY | B52: FN160023 | C52: 42471 | D52: EUR | E52: 71366.58 | F52: =E52*2.2645 -> 161609.62 | G52: =+C52+90 -> 42561 | K52: 71316.58 | M52: =E52-K52 -> 50
A53: MARIBAT | B53: FN160025 | C53: 42480 | D53: USD | E53: 3720 | F53: =+E53*1.99715 -> 7429.398 | G53: 42603 | K53: 3662 | M53: =E53-K53 -> 58
A54: EL HARAMAINE | B54: FN160026 | C54: 42480 | D54: USD | E54: 59734.6 | F54: =+E54*1.99715 -> 119298.96 | G54: 42580 | K54: 59734.6 | M54: =E54-K54 -> 0
A55: MARIBAT | B55: FN160027 | C55: 42485 | D55: USD | E55: 190231.2 | F55: =+E55*1.99715 -> 379920.24 | G55: 42603 | H55: 305000 | J55: 42607 | K55: =163674-64059.36+90538.6 -> 190153.24 | M55: =E55-K55 -> 77.96
A56: EL HARAMAINE | B56: FN160031 | C56: 42503 | D56: USD | E56: 60309.6 | F56: =E56*2.02365 -> 122045.52 | G56: 42601 | K56: 60309.6 | M56: =E56-K56 -> 0
A57: MARIBAT | B57: FN160032 | C57: 42513 | D57: USD | E57: 243352.73 | F57: =E57*2.02365 -> 492460.75 | G57: 42630 | H57: 395000 | J57: 42638 | K57: =123502.1-2842.8+122644.67 -> 243303.97 | M57: =E57-K57 -> 48.76
A58: MARIBAT | B58: FN160033 | C58: 42506 | D58: USD | E58: 2902.8 | F58: =+E58*2.02365 -> 5874.2512 | G58: 42630 | K58: =2902.8-60 -> 2842.8 | M58: =E58-K58 -> 60
A59: MED ENERGY | B59: FN160034 | C59: 42515 | D59: EUR | E59: 58025.49 | F59: =E59*2.28935 -> 132840.66 | G59: =+C59+90 -> 42605 | K59: =12985.49+10960+11019+20163.57+2850 -> 57978.06 | M59: =E59-K59 -> 47.43
A60: MARIBAT | B60: FN160038 | C60: 42522 | D60: USD | E60: 181444.41 | F60: =+E60*2.0914 -> 379472.84 | G60: 42647 | K60: =90963.81+91051.3-637.2 -> 181377.91 | M60: =E60-K60 -> 66.5
A61: MARIBAT | B61: FN160039 | C61: 42522 | D61: USD | E61: 637.2 | F61: =+E61*2.0914 -> 1332.6401 | G61: 42647 | K61: 637.2 | M61: =E61-K61 -> 0
A62: MED ENERGY | B62: FN160040 | C62: 42523 | D62: USD | E62: 32695.26 | F62: =+E62*2.1062 -> 68862.757 | G62: =+C62+90 -> 42613 | K62: 32614.76 | M62: =E62-K62 -> 80.5
A63: MED ENERGY | B63: FN160041 | C63: 42527 | D63: EUR | E63: 33241.94 | F63: =+E63*2.34895 -> 78083.655 | G63: =+C63+90 -> 42617 | K63: =813.45+12225+20000 -> 33038.45 | M63: =E63-K63 -> 203.49
A64: ERRAFIK | B64: FN160042 | C64: 42528 | D64: EUR | E64: 249442.34 | F64: =+E64*2.3642 -> 589731.58 | G64: =+C64+90 -> 42618 | K64: =60000+39960+39950+25000+10000+25000+49500 -> 249410 | M64: =E64-K64 -> 32.34
A65: ERRAFIK | B65: FN160045 | C65: 42552 | D65: EUR | E65: 247327.72 | F65: =+E65*2.43635 -> 602576.89 | G65: =+C65+90 -> 42642 | H65: 485000 | J65: 42648 | K65: =64922.5-49500+85000+59957+79548.68+7399.54 -> 247327.72 | M65: =E65-K65 -> 0
A66: MARIBAT | B66: FN160046 | C66: 42565 | D66: USD | E66: 182006.54 | F66: =E66*2.20895 -> 402043.35 | G66: 42698 | H66: 320000 | J66: 42689 | K66: =72601.19+90445.6+18809.75 -> 181856.54 | M66: =E66-K66 -> 150
A67: MED ENERGY | B67: FN160050 | C67: 42583 | D67: EUR | E67: 47822.32 | F67: =+E67*2.45605 -> 117454.01 | G67: =+C67+90 -> 42673 | K67: =10994.42+15629.1+21150 -> 47773.52 | M67: =E67-K67 -> 48.8
A68: ERRAFIK | B68: FN160051 | C68: 42585 | D68: EUR | E68: 256710.4 | F68: =+E68*2.45645 -> 630596.26 | G68: =+C68+90 -> 42675 | K68: =39965-7399.54+99975+99955+24214.94 -> 256710.4 | M68: =E68-K68 -> 0
A69: EL HARAMAINE | B69: FN160052 | C69: 42594 | D69: USD | E69: 61609.6 | F69: =+E69*2.20485 -> 135839.93 | G69: 42692 | K69: 61609.6 | M69: =E69-K69 -> 0
A70: MARIBAT | B70: FN160053 | C70: 42599 | D70: USD | E70: 201518.23 | F70: =E70*2.18885 -> 441093.18 | G70: 42722 | K70: =90429.6+110873.72 -> 201303.32 | M70: =E70-K70 -> 214.91
A71: ERRAFIK | B71: FN160054 | C71: 42599 | D71: EUR | E71: 176779.1 | F71: =E71*2.4649 -> 435742.8 | G71: =+C71+90 -> 42689 | K71: =50000-24214.94+59950+24965+66079.04 -> 176779.1 | M71: =E71-K71 -> 0
A72: ERRAFIK | B72: FN160055 | C72: 42606 | D72: EUR | E72: 182078.8 | F72: =+E72*2.4651 -> 448842.45 | G72: =+C72+90 -> 42696 | K72: =86970-66079.04+44970+99975+16242.84 -> 182078.8 | M72: =E72-K72 -> 0
A73: MARIBAT | B73: FN160058 | C73: 42619 | D73: USD | E73: 201819.58 | F73: =+E73*2.19925 -> 443851.71 | G73: =+C73+120 -> 42739 | K73: =90445.6+111210.5 -> 201656.1 | M73: =E73-K73 -> 163.48
A74: ERRAFIK | B74: FN160059 | C74: 42619 | D74: EUR | E74: 93763.1 | F74: =+E74*2.45675 -> 230352.5 | G74: =+C74+90 -> 42709 | K74: =49970-16242.84+60035.94 -> 93763.1 | M74: =E74-K74 -> 0
A75: ERRAFIK | B75: FN160060 | C75: 42634 | D75: TND | E75: 490473.73 | F75: =+E75 -> 490473.73 | G75: =+C75+90 -> 42724 | H75: 390000 | J75: 42719 | K75: 483301.4 | M75: =E75-K75 -> 7172.329
A76: MARIBAT | B76: FN160065 | C76: 42646 | D76: USD | E76: 206062.8 | F76: =+E76*2.1936 -> 452019.36 | G76: =+C76+120 -> 42766 | K76: =90445.6+62781.5+52565.5 -> 205792.6 | M76: =E76-K76 -> 270.2
A77: ERRAFIK | B77: FN160066 | C77: 42647 | D77: EUR | E77: 90619.2 | F77: =+E77*2.4659 -> 223457.89 | G77: =+C77+90 -> 42737 | K77: =99832.71-60035.94+50800 -> 90596.77 | M77: =E77-K77 -> 22.43
A78: MARIBAT | B78: FN160067 | C78: 42661 | D78: USD | E78: 137375.2 | F78: =E78*2.23355 -> 306834.38 | G78: =+C78+120 -> 42781 | K78: =60289.4+76922.5 -> 137211.9 | M78: =E78-K78 -> 163.3
A79: ERRAFIK | B79: FN160068 | C79: 42667 | D79: EUR | E79: 275267.22 | F79: =E79*2.4408 -> 671872.23 | G79: =+C79+90 -> 42757 | K79: =86880.37-50800+49880.54+99832.65+50000+39400 -> 275193.56 | M79: =E79-K79 -> 73.66
A80: ERRAFIK | B80: FN160069 | C80: 42674 | D80: EUR | E80: 267067.85 | F80: =E80*2.45085 -> 654543.24 | G80: =C80+90 -> 42764 | K80: =11960+49900+24900+89900+79950+10400 -> 267010 | M80: =E80-K80 -> 57.85
A81: EL HARAMAINE | B81: FN160072 | C81: 42682 | D81: USD | E81: 61851.2 | F81: =+E81*2.22055 -> 137343.68 | G81: =+C81+90 -> 42772 | K81: 61851.2 | M81: =E81-K81 -> 0
A82: MED ENERGY | B82: FN160075 | C82: 42688 | D82: EUR | E82: 63212.1 | F82: =+E82*2.43455 -> 153893.02 | G82: =+C82+60 -> 42748 | K82: 63200 | M82: =E82-K82 -> 12.1
A83: MARIBAT | B83: FN160076 | C83: 42695 | D83: USD | E83: 218812.7 | F83: =+E83*2.2844 -> 499855.73 | G83: =+C83+120 -> 42815 | H83: 400000 | J83: 42819 | K83: =90505.8+128142.5 -> 218648.3 | M83: =E83-K83 -> 164.4
A84: EL HARAMAINE | B84: FN160077 | C84: 42703 | D84: USD | E84: 60082 | F84: =+E84*2.2879 -> 137461.61 | G84: =+C84+90 -> 42793 | M84: =E84-K84 -> 60082
A85: ERRAFIK | B85: FN160082 | C85: 42714 | D85: EUR | E85: 189405.85 | F85: =+E85*2.42685 -> 459659.59 | G85: =+C85+90 -> 42804 | K85: =11585+24960+59900+21930+14930+27960+28100 -> 189365 | M85: =E85-K85 -> 40.85
A86: ERRAFIK | B86: FN160084 | C86: 42731 | D86: EUR | E86: 288116.08 | F86: =+E86*2.41755 -> 696535.03 | G86: =+C86+60 -> 42791 | K86: =31982-28100+27930+26000+14982+21955+40955+45000+51000+39900+16500 -> 288104 | M86: =E86-K86 -> 12.08
A87: MARIBAT | B87: FN160090 | C87: 42733 | D87: USD | E87: 145787.49 | F87: =+E87*2.31175 -> 337024.23 | G87: =+C87+120 -> 42853 | K87: =60280.4+85392 -> 145672.4 | M87: =E87-K87 -> 115.09
A88: ERRAFIK | B88: FN170001 | C88: 42753 | D88: EUR | E88: 288576.96 | F88: =+E88*2.42535 -> 699900.13 | G88: =+C88+60 -> 42813 | K88: =34000-16500+40000+35000+50500+10000+74500+54500+6500 -> 288500 | M88: =E88-K88 -> 76.96
A89: ERRAFIK | B89: FN170006 | C89: 42772 | D89: EUR | E89: 90850.1 | F89: =+E89*2.4309 -> 220847.51 | G89: =+C89+60 -> 42832 | K89: =24600-6500+72500 -> 90600 | M89: =E89-K89 -> 250.1
A90: MARIBAT | B90: FN170007 | C90: 42786 | D90: USD | E90: 152438.77 | F90: =+E90*2.2847 -> 348276.86 | G90: =+C90+120 -> 42906 | K90: =60270.4+91998.5 -> 152268.9 | M90: =E90-K90 -> 169.87
A91: ERRAFIK | B91: FN170008 | C91: 42786 | D91: EUR | E91: 103380.36 | F91: =+E91*2.41935 -> 250113.27 | G91: =+C91+60 -> 42846 | K91: =44000+59200 -> 103200 | M91: =E91-K91 -> 180.36
A92: MARIBAT | B92: FN170013 | C92: 42827 | D92: USD | E92: 153807 | F92: =+E92*2.25845 -> 347365.42 | G92: =+C92+120 -> 42947 | K92: =60269.4+93352.5 -> 153621.9 | M92: =E92-K92 -> 185.1
A93: ERRAFIK | B93: FN170014 | C93: 42823 | D93: EUR | E93: 294951.15 | F93: =+E93*2.42915 -> 716480.59 | G93: =+C93+60 -> 42883 | K93: =250000+44800 -> 294800 | M93: =E93-K93 -> 151.15
A94: MED ENERGY | B94: FN170017 | C94: 42849 | D94: EUR | E94: 34976.02 | F94: =+E94*2.48185 -> 86805.235 | G94: =+C94+60 -> 42909 | K94: =15600+9960+9266.92 -> 34826.92 | M94: =E94-K94 -> 149.1
A95: ERRAFIK | B95: FN170020 | C95: 42863 | D95: EUR | E95: 184309.16 | F95: =+E95*2.6311 -> 484935.83 | G95: =+C95+60 -> 42923 | K95: =36000+15000+95000+4000+34200 -> 184200 | M95: =E95-K95 -> 109.16
A96: ERRAFIK | B96: FN170024 | C96: 42898 | D96: EUR | E96: 295149.58 | F96: =+E96*2.74135 -> 809108.3 | G96: =+C96+60 -> 42958 | K96: =70000-34200+86000+111000+62300 -> 295100 | M96: =E96-K96 -> 49.58
A97: MED ENERGY | B97: FN170025 | C97: 42906 | D97: EUR | E97: 52992.7 | F97: =+E97*2.7377 -> 145078.11 | G97: =+C97+60 -> 42966 | M97: =E97-K97 -> 52992.7
A98: ERRAFIK | B98: FN170027 | C98: 42933 | D98: EUR | E98: 286403.79 | F98: =+E98*2.7746 -> 794655.96 | G98: =+C98+60 -> 42993 | K98: =180000+47200+7500+51650 -> 286350 | M98: =E98-K98 -> 53.79
A99: ERRAFIK | B99: FN170030 | C99: 42963 | D99: EUR | E99: 94511.3 | F99: =+E99*2.80685 -> 265279.04 | G99: =+C99+60 -> 43023 | K99: =125000-51650+21100 -> 94450 | M99: =E99-K99 -> 61.3
A100: ERRAFIK | B100: FN170031 | C100: 42975 | D100: EUR | E100: 278132.68 | F100: =+E100*2.88515 -> 802454.5 | G100: =+C100+60 -> 43035 | K100: =100000-21100+102000+97200 -> 278100 | M100: =E100-K100 -> 32.68
A101: ERRAFIK | B101: FN170038 | C101: 43010 | D101: EUR | E101: 94696.34 | F101: =+E101*2.8948 -> 274126.97 | G101: =+C101+60 -> 43070 | K101: 94650 | M101: =E101-K101 -> 46.34
A102: ERRAFIK | B102: FN170039 | C102: 43019 | D102: EUR | E102: 87025.13 | F102: =+E102*2.902 -> 252546.93 | G102: =+C102+60 -> 43079 | K102: =8150+78800 -> 86950 | M102: =E102-K102 -> 75.13
A103: ERRAFIK | B103: FN170040 | C103: 43026 | D103: EUR | E103: 98676.9 | F103: =+E103*2.89915 -> 286079.13 | G103: =+C103+60 -> 43086 | K103: 98600 | M103: =E103-K103 -> 76.9
...

Sheet PLOMB LOCAL
A1: SITUATION KAIS 03/12/2018
A3: TOTAL CRASSE | C3: KG | D3: =404820+D29 -> 432700 | F3: =582489+F29 -> 622915 | G3: =110672.91+G29 -> 118353.85 | H3: =+F3+G3 -> 741268.85
A4: TOTAL DECHET BATTERIE | C4: KG | D4: =564700+D25 -> 605920 | F4: =936092+F25 -> 1008227 | G4: =177857.48+G25 -> 191563.13 | H4: =+F4+G4 -> 1199790.1
A5: TOTAL ETAIN | C5: KG | D5: =30689+D26 -> 33546 | F5: =1012737+F26 -> 1107018 | G5: =192420.03+G26 -> 210333.42 | H5: =+F5+G5 -> 1317351.4
A6: TOTAL ALIMINIUM | C6: KG | D6: 1109 | F6: 3327 | G6: 632.13 | H6: =+F6+G6 -> 3959.13
A7: TOTAL VIEUX PLOMB | C7: KG | D7: =++D13+D14+317625+D15+D16+D17+D18+D19+D20+D21+D22+D23+D24+D27+D28 -> 378370 | F7: =1390639.9+F13+F14+F15+F16+F17+F18+F19+F20+F21+F22+F23+F24+F27+F28 -> 1651843.4 | G7: =264221.581+G13+G14+G15+G16+G17+G18+G19+G20+G21+G22+G23+G24+G27+G28 -> 313850.25 | H7: =+F7+G7 -> 1965693.6
A8: TOTAL | F8: =SUM(F3:F7) -> 4393330.4 | G8: =SUM(G3:G7) -> 834732.78 | H8: =SUM(H3:H7) -> 5228063.2
A9: REGLEMENT RECU | H9: =4250509.889+100000+104471.601+200000+200000 -> 4854981.5
A10: RESTE A PAYER | H10: =+H8-H9 -> 373081.69
A12: QUANTITE NON FACTURE
A13: 43405 | B13: PLOMB | C13: KG | D13: 11270 | E13: 4.3 | F13: =+D13*E13 -> 48461 | G13: =+F13*0.19 -> 9207.59 | H13: =+F13+G13 -> 57668.59
A14: 43409 | B14: PLOMB | C14: KG | D14: 6205 | E14: 4.3 | F14: =+D14*E14 -> 26681.5 | G14: =+F14*0.19 -> 5069.485 | H14: =+F14+G14 -> 31750.985
A15: 43412 | B15: PLOMB | C15: KG | D15: 1414 | E15: 4.3 | F15: =+D15*E15 -> 6080.2 | G15: =+F15*0.19 -> 1155.238 | H15: =+F15+G15 -> 7235.438
A16: 43416 | B16: PLOMB | C16: KG | D16: 1454 | E16: 4.3 | F16: =+D16*E16 -> 6252.2 | G16: =+F16*0.19 -> 1187.918 | H16: =+F16+G16 -> 7440.118
A17: 43419 | B17: PLOMB | C17: KG | D17: 3998 | E17: 4.3 | F17: =+D17*E17 -> 17191.4 | G17: =+F17*0.19 -> 3266.366 | H17: =+F17+G17 -> 20457.766
A18: 43420 | B18: PLOMB | C18: KG | D18: 7286 | E18: 4.3 | F18: =+D18*E18 -> 31329.8 | G18: =+F18*0.19 -> 5952.662 | H18: =+F18+G18 -> 37282.462
A19: 43423 | B19: PLOMB | C19: KG | D19: 4510 | E19: 4.3 | F19: =+D19*E19 -> 19393 | G19: =+F19*0.19 -> 3684.67 | H19: =+F19+G19 -> 23077.67
A20: 43427 | B20: PLOMB | C20: KG | D20: 1929 | E20: 4.3 | F20: =+D20*E20 -> 8294.7 | G20: =+F20*0.19 -> 1575.993 | H20: =+F20+G20 -> 9870.693
A21: 43430 | B21: PLOMB | C21: KG | D21: 3913 | E21: 4.3 | F21: =+D21*E21 -> 16825.9 | G21: =+F21*0.19 -> 3196.921 | H21: =+F21+G21 -> 20022.821
A22: 43431 | B22: PLOMB | C22: KG | D22: 2297 | E22: 4.3 | F22: =+D22*E22 -> 9877.1 | G22: =+F22*0.19 -> 1876.649 | H22: =+F22+G22 -> 11753.749
A23: 43432 | B23: PLOMB | C23: KG | D23: =2255+2296 -> 4551 | E23: 4.3 | F23: =+D23*E23 -> 19569.3 | G23: =+F23*0.19 -> 3718.167 | H23: =+F23+G23 -> 23287.467
A24: 43433 | B24: PLOMB | C24: KG | D24: 1678 | E24: 4.3 | F24: =+D24*E24 -> 7215.4 | G24: =+F24*0.19 -> 1370.926 | H24: =+F24+G24 -> 8586.326
A25: 43418 | B25: DECHET BATTERIE | C25: KG | D25: 41220 | E25: 1.75 | F25: =+D25*E25 -> 72135 | G25: =+F25*0.19 -> 13705.65 | H25: =+F25+G25 -> 85840.65
A26: 43420 | B26: ETAIN | C26: KG | D26: 2857 | E26: 33 | F26: =+D26*E26 -> 94281 | G26: =+F26*0.19 -> 17913.39 | H26: =+F26+G26 -> 112194.39
A27: 43435 | B27: PLOMB | C27: KG | D27: 1996 | E27: 4.3 | F27: =+D27*E27 -> 8582.8 | G27: =+F27*0.19 -> 1630.732 | H27: =+F27+G27 -> 10213.532
A28: 43437 | B28: PLOMB | C28: KG | D28: =4417+3827 -> 8244 | E28: 4.3 | F28: =+D28*E28 -> 35449.2 | G28: =+F28*0.19 -> 6735.348 | H28: =+F28+G28 -> 42184.548
A29: 43433 | B29: CRASSE | C29: KG | D29: 27880 | E29: 1.45 | F29: =+D29*E29 -> 40426 | G29: =+F29*0.19 -> 7680.94 | H29: =+F29+G29 -> 48106.94
A30: 43438 | B30: PLOMB | C30: KG | D30: 2291 | E30: 4.3 | F30: =+D30*E30 -> 9851.3 | G30: =+F30*0.19 -> 1871.747 | H30: =+F30+G30 -> 11723.047
A31: 43439 | B31: PLOMB | C31: KG | D31: 2225 | E31: 4.3 | F31: =+D31*E31 -> 9567.5 | G31: =+F31*0.19 -> 1817.825 | H31: =+F31+G31 -> 11385.325
H34: =SUM(H13:H33) -> 580082.52
A36: SITUATION HAZEM 20/11/2018
A38: TOTAL CRASSE | C38: KG | D38: 0 | F38: 0 | G38: 0 | H38: 0
A39: TOTAL DECHET BATTERIE | C39: KG | D39: =1548148+D52+D53 -> 1609513 | F39: =2915233.6+F52+F53 -> 3025690.6 | G39: =553894.384+G52+G53 -> 574881.21 | H39: =3469157.984+H52+H53 -> 3600603
A40: TOTAL ETAIN | C40: KG | D40: 531 | F40: 16992 | G40: 3228.48 | H40: 20221.08
A41: TOTAL VIEUX PLOMB | C41: KG | D41: 47612 | F41: 201670.8 | G41: 38317.452 | H41: 239991.85
A42: TOTAL | F42: =SUM(F38:F41) -> 3244353.4 | G42: =SUM(G38:G41) -> 616427.15 | H42: =SUM(H38:H41) -> 3860815.9
A43: REGLEMENT RECU | H43: =3494532.266+100000 -> 3594532.3
A44: RESTE A PAYER | H44: =+H42-H43 -> 266283.68
A46: 43370 | B46: DECHET BATTERIE | C46: kg | D46: 17160 | E46: 1.7 | F46: =D46*E46 -> 29172 | G46: =F46*0.19 -> 5542.68 | H46: =F46+G46 -> 34714.68
A47: 43370 | B47: PLOMB | C47: kg | D47: 22480 | E47: 4.2 | F47: =D47*E47 -> 94416 | G47: =F47*0.19 -> 17939.04 | H47: =F47+G47 -> 112355.04
A48: 43385 | B48: DECHET BATTERIE | C48: kg | D48: 22710 | E48: 1.7 | F48: =D48*E48 -> 38607 | G48: =F48*0.19 -> 7335.33 | H48: =F48+G48+0.6 -> 45942.93
A49: 43385 | B49: PLOMB | C49: kg | D49: 10850 | E49: 4.2 | F49: =D49*E49 -> 45570 | G49: =F49*0.19 -> 8658.3 | H49: =F49+G49+0.6 -> 54228.9
A50: 43395 | B50: DECHET BATTERIE | C50: kg | D50: 29020 | E50: 1.7 | F50: =D50*E50 -> 49334 | G50: =F50*0.19 -> 9373.46 | H50: =F50+G50+0.6 -> 58708.06
A51: 43395 | B51: PLOMB | C51: kg | D51: 5780 | E51: 4.2 | F51: =D51*E51 -> 24276 | G51: =F51*0.19 -> 4612.44 | H51: =F51+G51+0.6 -> 28889.04
A52: 43406 | B52: DECHET BATTERIE | C52: kg | D52: 29505 | E52: 1.8 | F52: =D52*E52 -> 53109 | G52: =F52*0.19 -> 10090.71 | H52: =F52+G52+0.6 -> 63200.31
A53: 43419 | B53: DECHET BATTERIE | C53: kg | D53: 31860 | E53: 1.8 | F53: =D53*E53 -> 57348 | G53: =F53*0.19 -> 10896.12 | H53: =F53+G53+0.6 -> 68244.72
A56: SITUATION SOTRAM 20/11/2018
A58: TOTAL CRASSE | C58: KG | D58: 0 | F58: 0 | G58: 0 | H58: 0
A59: TOTAL DECHET BATTERIE | C59: KG | D59: =705400+D66 -> 744120 | F59: =1154684+F66 -> 1224380 | G59: =220110.94+G66 -> 233485.6 | H59: =1382367.396+H66 -> 1466135.6
A60: TOTAL ETAIN | C60: KG | D60: 0 | F60: 0 | G60: 0 | H60: 0
A61: TOTAL VIEUX PLOMB | C61: KG | D61: 0 | F61: 0 | G61: 0 | H61: 0
A62: TOTAL | F62: =SUM(F58:F61) -> 1224380 | G62: =SUM(G58:G61) -> 233485.6 | H62: =SUM(H58:H61) -> 1466135.6
A63: REGLEMENT RECU | H63: =1382367.396+81605.4 -> 1463972.8
A64: RESTE A PAYER | H64: =+H62-H63 -> 2162.8224
A66: 43427 | B66: DECHET BATTERIE | C66: kg | D66: 38720 | E66: 1.8 | F66: =D66*E66 -> 69696 | G66: =F66*1.01*0.19 -> 13374.662 | H66: =F66*1.01+G66+0.6 -> 83768.222

Sheet CT
A1: Adr fact | B1: Nom | C1: Antidatée | D1: Amount
A2: 1R02185 | B2: SOCIETE ULTRA SERVICE | C2: 43441 | D2: 1155
A3: 1R03074 | B3: BEJI FAYCEL | C3: 43441 | D3: 1052.31
A4: 3R18384 | B4: STE DES PIECES DE RECHANGE | C4: 43441 | D4: 2500
A5: 4R13132 | B5: STE GENERALE EQUIP.MARITIME | C5: 43441 | D5: 3000
A6: 1r01567 | B6: STE AVENIR AUTO | C6: 43442 | D6: 2534.514
A7: 1R01572 | B7: STE GENERAL PIECES [ANTIT] | C7: 43442 | D7: 1747.901
A8: 1R02174 | B8: SOCIETE DRIDI AUTO (SDA) | C8: 43442 | D8: 1006.678
A9: 1r05199 | B9: SOFIENE B RHOUMA "CAP AUTO" | C9: 43442 | D9: 1764.913
A10: 3R14079 | B10: BAAZAOUI SALAH | C10: 43442 | D10: 534.125
A11: 3R14079 | B11: BAAZAOUI SALAH | C11: 43442 | D11: 665.625
A12: 3R18378 | B12: STE MEKINA | C12: 43442 | D12: 329.576
A13: 8R08037 | B13: FIDHA AMINE B FATHI B HEDI | C13: 43442 | D13: 2004.803
... A430: 8R11061 | B430: STE GHAMMOUR ENAKHIL | C430: 43465 | D430: 3616.381
A431: TOTAL 12/2018 | D431: =SUM(D2:D430) -> 836562.38
A432: 1r02185 | B432: SOCIETE ULTRA SERVICE | C432: 43466 | D432: 1000
A433: 1r05181 | B433: MAJED BEN MED HAMMAMI | C433: 43466 | D433: 6691.312
A434: 1R06020 | B434: STE MED ALI DE PIECES DE | C434: 43466 | D434: 987.599
A435: 1R06020 | B435: STE MED ALI DE PIECES DE | C435: 43466 | D435: 590
A436: 3R18381 | B436: STE DREAM CAR | C436: 43466 | D436: 8663.167
A437: 4R13116 | B437: AHMED BEN ALI TEKAYA | C437: 43466 | D437: 2000
A438: 6R21179 | B438: BAHRI GNAOUI | C438: 43466 | D438: 1800
A439: 1r01580 | B439: FAKHREDDINE SAKYES | C439: 43467 | D439: 6946.725
A440: 3R18053 | B440: HACHICHA THAMEUR | C440: 43467 | D440: 632.435
A441: 4R12214 | B441: LIMEME FATHI BEN KHLIFA | C441: 43467 | D441: 195
A442: 4R13028 | B442: SOCIETE MANNAI BATIMENT | C442: 43467 | D442: 3000
A443: 4R15055 | B443: STATION LAVAGE MONGI B.HSAN | C443: 43467 | D443: 1470
... A851: 8R10040 | B851: ROJDI BEN MOHAMED KRAOUII | C851: 43496 | D851: 8155.08
A852: TOTAL 01/2019 | D852: =SUM(D432:D851) -> 913908.75
A853: 1r01509 | B853: STE JAMEL AUTO | C853: 43497 | D853: 1134.882
A854: 1r06020 | B854: STE MED ALI DE PIECES DE | C854: 43497 | D854: 1000
A855: 3R18381 | B855: STE DREAM CAR | C855: 43497 | D855: 3528.199
A856: 1R06020 | B856: STE MED ALI DE PIECES DE | C856: 43498 | D856: 550
A857: 3R18234 | B857: STE CDTPR | C857: 43498 | D857: 2802.987
A858: 3R18354 | B858: SOZEM | C858: 43498 | D858: 500
A859: 4R13116 | B859: AHMED BEN ALI TEKAYA | C859: 43498 | D859: 2000
A860: 6R21179 | B860: BAHRI GNAOUI | C860: 43498 | D860: 1200
A861: 7R20002 | B861: HAROUNI HAFSIA BT MOHAMED | C861: 43498 | D861: 2500
A862: 1r02282 | B862: COMPTOIR AUTO.SVCES RAPIDES | C862: 43499 | D862: 1134.812
A863: 1r03074 | B863: BEJI FAYCEL | C863: 43499 | D863: 1006.104
A864: 1R06103 | B864: SOCIETE PIECE AUTO ESSAID | C864: 43499 | D864: 4565.606
... A1125: 8R10040 | B1125: ROJDI BEN MOHAMED KRAOUII | C1125: 43524 | D1125: 6098.063
A1126: TOTAL 02/2019 | D1126: =SUM(D853:D1125) -> 637372.13
A1127: 1R03074 | B1127: BEJI FAYCEL | C1127: 43525 | D1127: 1077.275
A1128: 3R15038 | B1128: ANIS BEN KHALIPHA RHAIEM | C1128: 43525 | D1128: 2200
A1129: 4R13116 | B1129: AHMED BEN ALI TEKAYA | C1129: 43525 | D1129: 2000
A1130: 4R14056 | B1130: MEHREZ BEN MOHAMED GUIZANI | C1130: 43525 | D1130: 2292
A1131: 4R15037 | B1131: STE MAHDIA AUTO | C1131: 43526 | D1131: 2500
A1132: 8R09060 | B1132: SAMIR BEN SLIMEN AOUADI | C1132: 43526 | D1132: 730.16
A1133: 1R02282 | B1133: COMPTOIR AUTO.SVCES RAPIDES | C1133: 43527 | D1133: 944.392
A1134: 1r02199 | B1134: MOHAMED ZARAGA Z P A | C1134: 43528 | D1134: 3545.288
A1135: 4R15055 | B1135: STATION LAVAGE MONGI B.HSAN | C1135: 43528 | D1135: 1222.449
A1136: 6R21178 | B1136: STE B.ABDESSALEM PIECES AUTO | C1136: 43528 | D1136: 2500
A1137: 6R23139 | B1137: AWADNI MAATOUG | C1137: 43528 | D1137: 401.043
A1138: 1R01509 | B1138: STE JAMEL AUTO | C1138: 43529 | D1138: 1400
... A1249: 8R09006 | B1249: GHARBI JALEL BEN BRAHIM | C1249: 43555 | D1249: 4597.584
A1250: TOTAL 03/2019 | D1250: =SUM(D1127:D1249) -> 287778.49
A1251: 4R15055 | B1251: STATION LAVAGE MONGI B.HSAN | C1251: 43556 | D1251: 999.058
A1252: 6R21178 | B1252: STE B.ABDESSALEM PIECES AUTO | C1252: 43557 | D1252: 2000
A1253: 1r01509 | B1253: STE JAMEL AUTO | C1253: 43559 | D1253: 1223.531
A1254: 1r02282 | B1254: COMPTOIR AUTO.SVCES RAPIDES | C1254: 43560 | D1254: 566.271
A1255: 6R21178 | B1255: STE B.ABDESSALEM PIECES AUTO | C1255: 43562 | D1255: 1988.489
A1256: 4R15055 | B1256: STATION LAVAGE MONGI B.HSAN | C1256: 43563 | D1256: 986.228
A1257: 1r02282 | B1257: COMPTOIR AUTO.SVCES RAPIDES | C1257: 43565 | D1257: 950
A1258: 1R05166 | B1258: STE GHAMMAM ET CIE | C1258: 43565 | D1258: 929.234
A1259: 1R05171 | B1259: STE L'HORIZON DE PIECES DE | C1259: 43565 | D1259: 1680.8
A1260: 1r01509 | B1260: STE JAMEL AUTO | C1260: 43566 | D1260: 1260
A1261: 1r05211 | B1261: STE EL HAMDI PIECES.RECHANGE | C1261: 43566 | D1261: 2000
A1262: 3R18120 | B1262: BELEL HABIB | C1262: 43570 | D1262: 1218.806
... A1265: 4R13134 | B1265: STE MEMMI-AUTO ET COMPAGNIES | C1265: 43585 | D1265: 14895.222
A1266: TOTAL 04/2019 | D1266: =SUM(#REF!) -> #REF!
A1268: TOTAL GENERAL | D1268: =D1126+D852+D431+D1250+D1266 -> #REF!

Sheet TR
A1: Adr fact | B1: Nom | C1: Echéance | D1: Montant
A4: TOTAL 90 JOURS | D4: =SUM(D2:D3) -> 0
A5: 4R12211 | B5: STE ZORGATI VEHICULE | C5: 43560 | D5: 14958.051
A6: 4R12211 | B6: STE ZORGATI VEHICULE | C6: 43560 | D6: 20793.488
A7: 4R12125 | B7: KHEMAIES BOUDECHE | C7: 43560 | D7: 10765.676
A8: 6R21055 | B8: S.G.P | C8: 43560 | D8: 1609.312
A9: 6R21055 | B9: S.G.P | C9: 43560 | D9: 1609.312
A10: 3R18068 | B10: MOHAMED GHARIANI | C10: 43561 | D10: 16660.437
A11: 4R14029 | B11: JAADI MONCEF | C11: 43562 | D11: 1369
A12: 1R01480 | B12: STE HADJ AUTO | C12: 43563 | D12: 2171.331
A13: 1R03141 | B13: BEN ALI HAMDI | C13: 43565 | D13: 5998.921
A14: 1R05055 | B14: RHIM CHEDLY | C14: 43565 | D14: 2431.997
A15: 1R02226 | B15: STE CHENIB DE PIECES AUTOS | C15: 43565 | D15: 2000
A16: 4R14029 | B16: JAADI MONCEF | C16: 43565 | D16: 1370
... A29: 3R18068 | B29: MOHAMED GHARIANI | C29: 43590 | D29: 23777.741
A30: TOTAL > 90 JOURS | D30: =SUM(D5:D29) -> 173952.96
A32: TOTAL GENERAL | D32: =+D30+D4 -> 173952.96

Sheet SNA
A1: TYPE | B1: DESIGN | C1: OP N° | D1: DATE-OP | E1: DATE-RECU | F1: MT OUV | G1: REG | I1: MT | J1: Échéance | K1: N° CHQ | L1: STATUT
A2: CH | B2: SOGAM | C2: 00010711 | D2: 42990 | F2: =SUM(I2*G2) -> 183.9 | G2: 1 | H2: =IF(E2="",1,0) -> 1 | I2: 183.9 | J2: =+D2 -> 42990 | K2: 0000917 | L2: FINANCE
A3: CH | B3: SOTUVENT | C3: 00011145 | D3: 43066 | F3: =SUM(I3*G3) -> 143.516 | G3: 1 | H3: =IF(E3="",1,0) -> 1 | I3: 143.516 | J3: =+D3 -> 43066 | K3: 0001292 | L3: FINANCE
A4: CH | B4: STE TOP ETANCHEITE | C4: 00011884 | D4: 43203 | F4: =SUM(I4*G4) -> 201.91 | G4: 1 | H4: =IF(E4="",1,0) -> 1 | I4: 201.91 | J4: =+D4 -> 43203 | K4: 0001917 | L4: FINANCE
A5: CH | B5: ROYALTYRE | C5: 00012048 | D5: 43243 | F5: =SUM(I5*G5) -> 997.737 | G5: 1 | H5: =IF(E5="",1,0) -> 1 | I5: 997.737 | J5: =+D5 -> 43243 | K5: 0002057 | L5: FINANCE
A6: CH | B6: RFT | C6: 00012067 | D6: 43250 | F6: =SUM(I6*G6) -> 988.3 | G6: 1 | H6: =IF(E6="",1,0) -> 1 | I6: 988.3 | J6: =+D6 -> 43250 | K6: 0002076 | L6: FINANCE
A7: CH | B7: LAD OCEANA LUBRICANTS | C7: 00012210 | D7: 43284 | F7: =SUM(I7*G7) -> 222.978 | G7: 1 | H7: =IF(E7="",1,0) -> 1 | I7: 222.978 | J7: =+D7 -> 43284 | K7: 0002202 | L7: FINANCE
A8: CH | B8: RFT | C8: 00012320 | D8: 43305 | F8: =SUM(I8*G8) -> 720.55 | G8: 1 | H8: =IF(E8="",1,0) -> 1 | I8: 720.55 | J8: =+D8 -> 43305 | K8: 0002292 | L8: FINANCE
A9: CH | B9: ETAP | C9: 00012444 | D9: 43328 | F9: =SUM(I9*G9) -> 401.85 | G9: 1 | H9: =IF(E9="",1,0) -> 1 | I9: 401.85 | J9: =+D9 -> 43328 | K9: 0002391 | L9: FINANCE
A10: TR | B10: SFAXIEN INDUSTRI.AUTOMOBILE | C10: 00012240 | D10: 43287 | F10: =SUM(I10*G10) -> 1839.159 | G10: 1 | H10: =IF(E10="",1,0) -> 1 | I10: 1839.159 | J10: 43337 | K10: TR01344 | L10: FINANCE
A11: CH | B11: TUNIMATEC | C11: 00012269 | D11: 43293 | F11: =SUM(I11*G11) -> 2559.405 | G11: 1 | H11: =IF(E11="",1,0) -> 1 | I11: 2559.405 | J11: 43360 | K11: 0002246 | L11: FINANCE
A12: CH | B12: EBR METROLOGIE | C12: 00012514 | D12: 43353 | F12: =SUM(I12*G12) -> 1665.044 | G12: 1 | H12: =IF(E12="",1,0) -> 1 | I12: 1665.044 | J12: 43360 | K12: 0002455 | L12: FINANCE
A13: CH | B13: LAD OCEANA LUBRICANTS | C13: 00012544 | D13: 43360 | F13: =SUM(I13*G13) -> 224.787 | G13: 1 | H13: =IF(E13="",1,0) -> 1 | I13: 224.787 | J13: 43360 | K13: 0002475 | L13: FINANCE
A14: TR | B14: ROYALTYRE | C14: 00012167 | D14: 43276 | F14: =SUM(I14*G14) -> 1320.514 | G14: 1 | H14: =IF(E14="",1,0) -> 1 | I14: 1320.514 | J14: 43363 | K14: TR01330 | L14: FINANCE
A15: CH | B15: H2M | C15: 00012575 | D15: 43367 | F15: =SUM(I15*G15) -> 107.7 | G15: 1 | H15: =IF(E15="",1,0) -> 1 | I15: 107.7 | J15: =+D15 -> 43367 | K15: 0002503 | L15: FINANCE
A16: CH | B16: MAISON DE LA BALANCE | C16: 00012581 | D16: 43367 | F16: =SUM(I16*G16) -> 758.69 | G16: 1 | H16: =IF(E16="",1,0) -> 1 | I16: 758.69 | J16: =+D16 -> 43367 | K16: 0002505 | L16: FINANCE
A17: CH | B17: FIXNGO | C17: 00012586 | D17: 43367 | F17: =SUM(I17*G17) -> 260.557 | G17: 1 | H17: =IF(E17="",1,0) -> 1 | I17: 260.557 | J17: =+D17 -> 43367 | K17: 0002509 | L17: FINANCE
A18: CH | B18: JEC ROLLERS | C18: 00012587 | D18: 43367 | F18: =SUM(I18*G18) -> 180.885 | G18: 1 | H18: =IF(E18="",1,0) -> 1 | I18: 180.885 | J18: =+D18 -> 43367 | K18: 0002510 | L18: FINANCE
A19: CH | B19: FIXNGO | C19: 00012642 | D19: 43376 | F19: =SUM(I19*G19) -> 903.574 | G19: 1 | H19: =IF(E19="",1,0) -> 1 | I19: 903.574 | J19: =+D19 -> 43376 | K19: 0002546 | L19: FINANCE
A20: CH | B20: SALAIRE BEN LTAIEF MOHAMED ALI | C20: 00012672 | D20: 43385 | F20: =SUM(I20*G20) -> 361.363 | G20: 1 | H20: =IF(E20="",1,0) -> 1 | I20: 361.363 | J20: =+D20 -> 43385 | K20: 0002568 | L20: FINANCE
A21: CH | B21: RFT | C21: 00012683 | D21: 43385 | F21: =SUM(I21*G21) -> 351.65 | G21: 1 | H21: =IF(E21="",1,0) -> 1 | I21: 351.65 | J21: =+D21 -> 43385 | K21: 0002579 | L21: FINANCE
A22: CH | B22: LOUKIL VEHICULES INDUSTRIELS | C22: 00012697 | D22: 43385 | F22: =SUM(I22*G22) -> 479.267 | G22: 1 | H22: =IF(E22="",1,0) -> 1 | I22: 479.267 | J22: =+D22 -> 43385 | K22: 0002590 | L22: FINANCE
A23: CH | B23: SALAIRE HADJI RIHAB | C23: 00012719 | D23: 43391 | F23: =SUM(I23*G23) -> 35.703 | G23: 1 | H23: =IF(E23="",1,0) -> 1 | I23: 35.703 | J23: 43391 | K23: 0002610 | L23: FINANCE
A24: CH | B24: RFT | C24: 00012720 | D24: 43395 | F24: =SUM(I24*G24) -> 220.75 | G24: 1 | H24: =IF(E24="",1,0) -> 1 | I24: 220.75 | J24: 43395 | K24: 0002611 | L24: FINANCE
A25: CH | B25: FIXNGO | C25: 00012744 | D25: 43400 | F25: =SUM(I25*G25) -> 336.043 | G25: 1 | H25: =IF(E25="",1,0) -> 1 | I25: 336.043 | J25: =+D25 -> 43400 | K25: 0002631 | L25: FINANCE
A26: CH | B26: 3IA | C26: 00012755 | D26: 43400 | F26: =SUM(I26*G26) -> 3625.642 | G26: 1 | H26: =IF(E26="",1,0) -> 1 | I26: 3625.642 | J26: =+D26 -> 43400 | K26: 0002641 | L26: FINANCE
A27: CH | B27: TEI - TUNISIE ELECTRICITE | C27: 00012758 | D27: 43400 | F27: =SUM(I27*G27) -> 3612.355 | G27: 1 | H27: =IF(E27="",1,0) -> 1 | I27: 3612.355 | J27: =+D27 -> 43400 | K27: 0002644 | L27: FINANCE
A28: CH | B28: SUMP | C28: 00012782 | D28: 43409 | F28: =SUM(I28*G28) -> 108.771 | G28: 1 | H28: =IF(E28="",1,0) -> 1 | I28: 108.771 | J28: =+D28 -> 43409 | K28: 0002816 | L28: FINANCE
A29: CH | B29: TUNIMATEC | C29: 00012785 | D29: 43409 | F29: =SUM(I29*G29) -> 588.376 | G29: 1 | H29: =IF(E29="",1,0) -> 1 | I29: 588.376 | J29: =+D29 -> 43409 | K29: 0002818 | L29: FINANCE
A30: CH | B30: CITROEN AURES | C30: 00012796 | D30: 43410 | F30: =SUM(I30*G30) -> 273.452 | G30: 1 | H30: =IF(E30="",1,0) -> 1 | I30: 273.452 | J30: =+D30 -> 43410 | K30: 0002825 | L30: FINANCE
A31: CH | B31: TUNISIE VEHICULES INDUSTRIEL | C31: 00012801 | D31: 43416 | F31: =SUM(I31*G31) -> 658.68 | G31: 1 | H31: =IF(E31="",1,0) -> 1 | I31: 658.68 | J31: =+D31 -> 43416 | K31: 0002828 | L31: FINANCE
A32: CH | B32: LIN | C32: 00012807 | D32: 43416 | F32: =SUM(I32*G32) -> 1116.745 | G32: 1 | H32: =IF(E32="",1,0) -> 1 | I32: 1116.745 | J32: =+D32 -> 43416 | K32: 0002832 | L32: FINANCE
A33: CH | B33: LOUKIL VEHICULES INDUSTRIELS | C33: 00012813 | D33: 43416 | F33: =SUM(I33*G33) -> 245.963 | G33: 1 | H33: =IF(E33="",1,0) -> 1 | I33: 245.963 | J33: =+D33 -> 43416 | K33: 0002836 | L33: FINANCE
A34: CH | B34: BOUDAYA AZOUZ | C34: 00012824 | D34: 43417 | F34: =SUM(I34*G34) -> 1576 | G34: 1 | H34: =IF(E34="",1,0) -> 1 | I34: 1576 | J34: =+D34 -> 43417 | K34: 0002846 | L34: FINANCE
A35: CH | B35: SIB Kchaou | C35: 00012840 | D35: 43421 | F35: =SUM(I35*G35) -> 502.721 | G35: 1 | H35: =IF(E35="",1,0) -> 1 | I35: 502.721 | J35: =+D35 -> 43421 | K35: 0002861 | L35: FINANCE
A36: CH | B36: 2RE | C36: 00012842 | D36: 43421 | F36: =SUM(I36*G36) -> 2768.354 | G36: 1 | H36: =IF(E36="",1,0) -> 1 | I36: 2768.354 | J36: =+D36 -> 43421 | K36: 0002863 | L36: FINANCE
A37: CH | B37: CRISTAL | C37: 00012848 | D37: 43426 | F37: =SUM(I37*G37) -> 264.418 | G37: 1 | H37: =IF(E37="",1,0) -> 1 | I37: 264.418 | J37: =D37 -> 43426 | K37: 0002869 | L37: FINANCE
A38: CH | B38: AIR LIQUIDE TUNISIE | C38: 00012849 | D38: 43426 | F38: =SUM(I38*G38) -> 810.129 | G38: 1 | H38: =IF(E38="",1,0) -> 1 | I38: 810.129 | J38: =D38 -> 43426 | K38: 0002870 | L38: FINANCE
A39: CH | B39: STIRELEC COMMERCE | C39: 00012854 | D39: 43428 | F39: =SUM(I39*G39) -> 969.185 | G39: 1 | H39: =IF(E39="",1,0) -> 1 | I39: 969.185 | J39: =D39 -> 43428 | K39: 0002875 | L39: FINANCE
A40: CH | B40: TUNISIE COAL | C40: 00012855 | D40: 43428 | F40: =SUM(I40*G40) -> 705.675 | G40: 1 | H40: =IF(E40="",1,0) -> 1 | I40: 705.675 | J40: =D40 -> 43428 | K40: 0002876 | L40: FINANCE
A41: CH | B41: BEN MBAREK HEDI | C41: 00012863 | D41: 43428 | F41: =SUM(I41*G41) -> 1062.5 | G41: 1 | H41: =IF(E41="",1,0) -> 1 | I41: 1062.5 | J41: =D41 -> 43428 | K41: 0002885 | L41: FINANCE
A42: CH | B42: LAB EQUIPEMENT | C42: 00012864 | D42: 43428 | F42: =SUM(I42*G42) -> 2251.119 | G42: 1 | H42: =IF(E42="",1,0) -> 1 | I42: 2251.119 | J42: =D42 -> 43428 | K42: 0002886 | L42: FINANCE
A43: CH | B43: S. T. E. G. | C43: 00012867 | D43: 43430 | F43: =SUM(I43*G43) -> 1216 | G43: 1 | H43: =IF(E43="",1,0) -> 1 | I43: 1216 | J43: =D43 -> 43430 | K43: 0002889 | L43: FINANCE
A44: CH | B44: H2M | C44: 00012869 | D44: 43430 | F44: =SUM(I44*G44) -> 768.15 | G44: 1 | H44: =IF(E44="",1,0) -> 1 | I44: 768.15 | J44: =D44 -> 43430 | K44: 0002891 | L44: FINANCE
A45: CH | B45: SALAIRE | C45: 00012880 | D45: 43433 | F45: =SUM(I45*G45) -> 992.274 | G45: 1 | H45: =IF(E45="",1,0) -> 1 | I45: 992.274 | J45: =+D45 -> 43433 | K45: 0002901 | L45: FINANCE
A46: CH | B46: SALAIRE | C46: 00012881 | D46: 43433 | F46: =SUM(I46*G46) -> 120.727 | G46: 1 | H46: =IF(E46="",1,0) -> 1 | I46: 120.727 | J46: =+D46 -> 43433 | K46: 0002902 | L46: FINANCE
A47: CH | B47: ATC Automatisme | C47: 00012889 | D47: 43438 | F47: =SUM(I47*G47) -> 236.485 | G47: 1 | H47: =IF(E47="",1,0) -> 1 | I47: 236.485 | J47: =+D47 -> 43438 | K47: 0002909 | L47: FINANCE
A48: CH | B48: SNDP AGIL | C48: 00012890 | D48: 43438 | F48: =SUM(I48*G48) -> 1426.2 | G48: 1 | H48: =IF(E48="",1,0) -> 1 | I48: 1426.2 | J48: =+D48 -> 43438 | K48: 0002910 | L48: FINANCE
A49: CH | B49: CARPRO | C49: 00012891 | D49: 43438 | F49: =SUM(I49*G49) -> 849.554 | G49: 1 | H49: =IF(E49="",1,0) -> 1 | I49: 849.554 | J49: =+D49 -> 43438 | K49: 0002911 | L49: FINANCE
A50: CH | B50: 3IA | C50: 00012892 | D50: 43438 | F50: =SUM(I50*G50) -> 214.8 | G50: 1 | H50: =IF(E50="",1,0) -> 1 | I50: 214.8 | J50: =+D50 -> 43438 | K50: 0002912 | L50: FINANCE
A51: CH | B51: GARSI HADJ AMOR | C51: 00012894 | D51: 43438 | F51: =SUM(I51*G51) -> 694 | G51: 1 | H51: =IF(E51="",1,0) -> 1 | I51: 694 | J51: =+D51 -> 43438 | K51: 0002913 | L51: FINANCE
A52: CH | B52: CAISSE | C52: 00012895 | D52: 43438 | F52: =SUM(I52*G52) -> 379.57 | G52: 1 | H52: =IF(E52="",1,0) -> 1 | I52: 379.57 | J52: =+D52 -> 43438 | K52: 0002914 | L52: FINANCE
A53: CH | B53: SAMIR MBAREK | C53: 00012896 | D53: 43438 | F53: =SUM(I53*G53) -> 320 | G53: 1 | H53: =IF(E53="",1,0) -> 1 | I53: 320 | J53: =+D53 -> 43438 | K53: 0002915 | L53: FINANCE
A54: CH | B54: AZZOUZ BOUKIL | C54: 00012897 | D54: 43438 | F54: =SUM(I54*G54) -> 328.3 | G54: 1 | H54: =IF(E54="",1,0) -> 1 | I54: 328.3 | J54: =+D54 -> 43438 | K54: 0002916 | L54: FINANCE
A55: CH | B55: BIOPharm Industrie | C55: 00012898 | D55: 43438 | F55: =SUM(I55*G55) -> 314.76 | G55: 1 | H55: =IF(E55="",1,0) -> 1 | I55: 314.76 | J55: =+D55 -> 43438 | K55: 0002917 | L55: FINANCE
A56: CH | B56: IMPRONTA | C56: 00012900 | D56: 43438 | F56: =SUM(I56*G56) -> 4103.116 | G56: 1 | H56: =IF(E56="",1,0) -> 1 | I56: 4103.116 | J56: =+D56 -> 43438 | K56: 0002918 | L56: FINANCE
... A63: CH | B63: LA DOUANE | C63: 00012911 | D63: 43438 | F63: =SUM(I63*G63) -> 11144.696 | G63: 1 | H63: =IF(E63="",1,0) -> 1 | I63: 11144.696 | J63: =+D63 -> 43438 | K63: 0002925 | L63: FINANCE
A64: TR | B64: EEI | C64: 00012810 | D64: 43416 | F64: =SUM(I64*G64) -> 2062.248 | G64: 1 | H64: =IF(E64="",1,0) -> 1 | I64: 2062.248 | J64: 43454 | K64: TR01452 | L64: FINANCE
A65: TR | B65: STE MOHSEN GUEDRI | C65: 00012904 | D65: 43438 | F65: =SUM(I65*G65) -> 1744.187 | G65: 1 | H65: =IF(E65="",1,0) -> 1 | I65: 1744.187 | J65: 43480 | K65: TR01463 | L65: FINANCE
A66: TR | B66: Boudrant | C66: 00012795 | D66: 43409 | F66: =SUM(I66*G66) -> 1653.89 | G66: 1 | H66: =IF(E66="",1,0) -> 1 | I66: 1653.89 | J66: 43480 | K66: TR01446 | L66: FINANCE
A67: CH | B67: PROSID | C67: 00012912 | D67: 43439 | E67: 43439 | F67: =SUM(I67*G67) -> 71838.24 | G67: 1 | H67: =IF(E67="",1,0) -> 0 | I67: 71838.24 | J67: 43483 | K67: 0002926
A68: TR | B68: Ok polysterene | C68: 00012634 | D68: 43374 | F68: =SUM(I68*G68) -> 3507.101 | G68: 1 | H68: =IF(E68="",1,0) -> 1 | I68: 3507.101 | J68: 43490 | K68: TR01421 | L68: FINANCE
A69: TR | B69: Boudrant | C69: 00012843 | D69: 43421 | F69: =SUM(I69*G69) -> 1491.333 | G69: 1 | H69: =IF(E69="",1,0) -> 1 | I69: 1491.333 | J69: 43506 | K69: TR01455 | L69: FINANCE
A70: TR | B70: EQUIPEMENT MODERNE HARDWARE | C70: 00012899 | D70: 43438 | F70: =SUM(I70*G70) -> 274.054 | G70: 1 | H70: =IF(E70="",1,0) -> 1 | I70: 274.054 | J70: 43511 | K70: TR01460 | L70: FINANCE
A71: TR | B71: STARPACK | C71: 00012902 | D71: 43438 | F71: =SUM(I71*G71) -> 5854.379 | G71: 1 | H71: =IF(E71="",1,0) -> 1 | I71: 5854.379 | J71: 43511 | K71: TR01461 | L71: FINANCE
A72: TR | B72: Ok polysterene | C72: 00012800 | D72: 43416 | F72: =SUM(I72*G72) -> 3312.294 | G72: 1 | H72: =IF(E72="",1,0) -> 1 | I72: 3312.294 | J72: 43511 | K72: TR01447 | L72: FINANCE
A73: TR | B73: Ulysse Spare Parts | C73: 00012806 | D73: 43416 | F73: =SUM(I73*G73) -> 1202.291 | G73: 1 | H73: =IF(E73="",1,0) -> 1 | I73: 1202.291 | J73: 43511 | K73: TR01449 | L73: FINANCE
A74: TR | B74: GENERAL INCENDIE | C74: 00012872 | D74: 43430 | F74: =SUM(I74*G74) -> 343.33 | G74: 1 | H74: =IF(E74="",1,0) -> 1 | I74: 343.33 | J74: 43511 | K74: TR01457 | L74: FINANCE
A75: TR | B75: Boudrant | C75: 00012893 | D75: 43438 | F75: =SUM(I75*G75) -> 824.842 | G75: 1 | H75: =IF(E75="",1,0) -> 1 | I75: 824.842 | J75: 43521 | K75: TR01459 | L75: FINANCE
A76: TR | B76: LYS IMPRESSION | C76: 00012903 | D76: 43438 | F76: =SUM(I76*G76) -> 13098.234 | G76: 1 | H76: =IF(E76="",1,0) -> 1 | I76: 13098.234 | J76: 43539 | K76: TR01462 | L76: FINANCE
A77: TR | B77: ok polystyr鈩e | C77: 00012905 | D77: 43438 | F77: =SUM(I77*G77) -> 2727.876 | G77: 1 | H77: =IF(E77="",1,0) -> 1 | I77: 2727.876 | J77: 43539 | K77: TR01464 | L77: FINANCE
A78: TR | B78: EQUIPEMENT MODERNE | C78: 00012870 | D78: 43430 | F78: =SUM(I78*G78) -> 408.468 | G78: 1 | H78: =IF(E78="",1,0) -> 1 | I78: 408.468 | J78: 43539 | K78: TR01456 | L78: FINANCE
A79: CH | B79: SALAIRE | C79: 00012236 | D79: 43287 | E79: 43410 | F79: =SUM(I79*G79) -> 44.767 | G79: 1 | H79: =IF(E79="",1,0) -> 0 | I79: 44.767 | J79: =+D79 -> 43287 | K79: 0002218
A80: CH | B80: SALAIRE | C80: 00012403 | D80: 43320 | E80: 43322 | F80: =SUM(I80*G80) -> 46.744 | G80: 1 | H80: =IF(E80="",1,0) -> 0 | I80: 46.744 | J80: =D80 -> 43320 | K80: 0002362
A81: CH | B81: SALAIRE | C81: 00012409 | D81: 43320 | E81: 43322 | F81: =SUM(I81*G81) -> 48.458 | G81: 1 | H81: =IF(E81="",1,0) -> 0 | I81: 48.458 | J81: =D81 -> 43320 | K81: 0002364
A82: OB | B82: LA DOUANE | C82: 00011834 | D82: 43193 | E82: 43200 | F82: =SUM(I82*G82) -> 64243.669 | G82: 1 | H82: =IF(E82="",1,0) -> 0 | I82: 64243.669 | J82: 43326 | K82: OB00088
A83: CH | B83: SALAIRE | C83: 00012564 | D83: 43361 | E83: 43410 | F83: =SUM(I83*G83) -> 46.759 | G83: 1 | H83: =IF(E83="",1,0) -> 0 | I83: 46.759 | J83: =+D83 -> 43361 | K83: 0002491
A84: CH | B84: CENTRE TECHNIQUE DE LA CHIMIE | C84: 00012647 | D84: 43377 | E84: 43382 | F84: =SUM(I84*G84) -> 141.42 | G84: 1 | H84: =IF(E84="",1,0) -> 0 | I84: 141.42 | J84: =+D84 -> 43377 | K84: 0002551
A85: CH | B85: CENTRE TECHNIQUE DE LA CHIMIE | C85: 00012685 | D85: 43385 | E85: 43439 | F85: =SUM(I85*G85) -> 329.98 | G85: 1 | H85: =IF(E85="",1,0) -> 0 | I85: 329.98 | J85: =+D85 -> 43385 | K85: 0002580
A86: CH | B86: ETS NAJAR ABDESSALEM | C86: 00012737 | D86: 43396 | E86: 43397 | F86: =SUM(I86*G86) -> 225.606 | G86: 1 | H86: =IF(E86="",1,0) -> 0 | I86: 225.606 | J86: =+D86 -> 43396 | K86: 0002623
A87: CH | B87: SALAIRE | C87: 00012764 | D87: 43404 | E87: 43410 | F87: =SUM(I87*G87) -> 252.934 | G87: 1 | H87: =IF(E87="",1,0) -> 0 | I87: 252.934 | J87: =+D87 -> 43404 | K87: 0002649
A88: CH | B88: SALAIRE | C88: 00012765 | D88: 43404 | E88: 43410 | F88: =SUM(I88*G88) -> 45.416 | G88: 1 | H88: =IF(E88="",1,0) -> 0 | I88: 45.416 | J88: =+D88 -> 43404 | K88: 0002650
A89: CH | B89: ARNOX ENGINEERING | C89: 00012799 | D89: 43416 | E89: 43417 | F89: =SUM(I89*G89) -> 714 | G89: 1 | H89: =IF(E89="",1,0) -> 0 | I89: 714 | J89: =+D89 -> 43416 | K89: 0002827
A90: CH | B90: ARNOX ENGINEERING | C90: 00012850 | D90: 43426 | E90: 43439 | F90: =SUM(I90*G90) -> 1547.6 | G90: 1 | H90: =IF(E90="",1,0) -> 0 | I90: 1547.6 | J90: =D90 -> 43426 | K90: 0002871
A91: CH | B91: S. T. E. G. | C91: 00012886 | D91: 43433 | E91: 43433 | F91: =SUM(I91*G91) -> 47140.325 | G91: 1 | H91: =IF(E91="",1,0) -> 0 | I91: 47140.325 | J91: =+D91 -> 43433 | K91: 0002895
A92: CH | B92: S. T. E. G. | C92: 00012887 | D92: 43433 | E92: 43433 | F92: =SUM(I92*G92) -> 73248.434 | G92: 1 | H92: =IF(E92="",1,0) -> 0 | I92: 73248.434 | J92: =+D92 -> 43433 | K92: 0002896
A93: CH | B93: KAIS TAYACHI | C93: 00012913 | D93: 43439 | E93: 43439 | F93: =SUM(I93*G93) -> 98500 | G93: 1 | H93: =IF(E93="",1,0) -> 0 | I93: 98500 | J93: =+D93 -> 43439 | K93: 0002907
A94: CH | B94: STE VALDEQ | C94: 00012921 | D94: 43439 | E94: 43439 | F94: =SUM(I94*G94) -> 73327.07 | G94: 1 | H94: =IF(E94="",1,0) -> 0 | I94: 73327.07 | J94: =+D94 -> 43439 | K94: 0002906
A95: TR | B95: STE VALDEQ | C95: 00012915 | D95: 43439 | E95: 43439 | F95: =SUM(I95*G95) -> 73816.509 | G95: 1 | H95: =IF(E95="",1,0) -> 0 | I95: 73816.509 | J95: 43440 | K95: TR01465
A96: TR | B96: STE VALDEQ | C96: 00012916 | D96: 43439 | E96: 43439 | F96: =SUM(I96*G96) -> 75362.804 | G96: 1 | H96: =IF(E96="",1,0) -> 0 | I96: 75362.804 | J96: 43441 | K96: TR01466
A97: TR | B97: STARPACK | C97: 00012656 | D97: 43379 | E97: 43385 | F97: =SUM(I97*G97) -> 6664.827 | G97: 1 | H97: =IF(E97="",1,0) -> 0 | I97: 6664.827 | J97: 43444 | K97: TR01424
A98: TR | B98: EQUIPEMENT MODERNE HARDWARE | C98: 00012628 | D98: 43374 | E98: 43383 | F98: =SUM(I98*G98) -> 425.93 | G98: 1 | H98: =IF(E98="",1,0) -> 0 | I98: 425.93 | J98: 43444 | K98: TR01416
A99: TR | B99: STE VALDEQ | C99: 00012917 | D99: 43439 | E99: 43439 | F99: =SUM(I99*G99) -> 75641.779 | G99: 1 | H99: =IF(E99="",1,0) -> 0 | I99: 75641.779 | J99: 43444 | K99: TR01467
A100: TR | B100: STE VALDEQ | C100: 00012918 | D100: 43439 | E100: 43439 | F100: =SUM(I100*G100) -> 38794.513 | G100: 1 | H100: =IF(E100="",1,0) -> 0 | I100: 38794.513 | J100: 43445 | K100: TR01468
A101: TR | B101: STE VALDEQ | C101: 00012919 | D101: 43439 | E101: 43439 | F101: =SUM(I101*G101) -> 71230.677 | G101: 1 | H101: =IF(E101="",1,0) -> 0 | I101: 71230.677 | J101: 43446 | K101: TR01469
A102: TR | B102: STE VALDEQ | C102: 00012920 | D102: 43439 | E102: 43439 | F102: =SUM(I102*G102) -> 64404.078 | G102: 1 | H102: =IF(E102="",1,0) -> 0 | I102: 64404.078 | J102: 43447 | K102: TR01470
A103: TR | B103: STE MOHSEN GUEDRI | C103: 00012809 | D103: 43416 | E103: 43430 | F103: =SUM(I103*G103) -> 1859.1 | G103: 1 | H103: =IF(E103="",1,0) -> 0 | I103: 1859.1 | J103: 43449 | K103: TR01451
A104: TR | B104: Boudrant | C104: 00012532 | D104: 43357 | E104: 43392 | F104: =SUM(I104*G104) -> 3971.54 | G104: 1 | H104: =IF(E104="",1,0) -> 0 | I104: 3971.54 | J104: 43449 | K104: TR01398
A105: TR | B105: EL WIFEK | C105: 00012727 | D105: 43395 | E105: 43417 | F105: =SUM(I105*G105) -> 466.361 | G105: 1 | H105: =IF(E105="",1,0) -> 0 | I105: 466.361 | J105: 43449 | K105: TR01435
A106: TR | B106: GENERAL INCENDIE | C106: 00012536 | D106: 43357 | E106: 43411 | F106: =SUM(I106*G106) -> 1655.673 | G106: 1 | H106: =IF(E106="",1,0) -> 0 | I106: 1655.673 | J106: 43449 | K106: TR01400
...

Sheet STA
A1: TYPE | B1: DESIGN | C1: OP N° | D1: DATE-OP | E1: DATE-RECU | F1: MT OUV | G1: REG | I1: MT | J1: Échéance | K1: N° CHQ | L1: STATUT
A2: CH | B2: SALAIRE | C2: 00013540 | D2: 43433 | F2: =SUM(I2*G2) -> 485.515 | G2: 1 | H2: =IF(E2="",1,0) -> 1 | I2: 485.515 | J2: =+D2 -> 43433 | K2: 0004759 | L2: EN SIGNATURE
A3: CH | B3: TOTAL TUNISIE | C3: 00013543 | D3: 43438 | F3: =SUM(I3*G3) -> 16107.168 | G3: 1 | H3: =IF(E3="",1,0) -> 1 | I3: 16107.168 | J3: =+D3 -> 43438 | K3: 0004760 | L3: EN SIGNATURE
A4: CH | B4: TUNISIE TELECOM ( FIXE ) | C4: 00013544 | D4: 43438 | F4: =SUM(I4*G4) -> 2361.975 | G4: 1 | H4: =IF(E4="",1,0) -> 1 | I4: 2361.975 | J4: =+D4 -> 43438 | K4: 0004763 | L4: EN SIGNATURE
A5: CH | B5: 2RE | C5: 00013545 | D5: 43438 | F5: =SUM(I5*G5) -> 374.947 | G5: 1 | H5: =IF(E5="",1,0) -> 1 | I5: 374.947 | J5: =+D5 -> 43438 | K5: 0004762 | L5: EN SIGNATURE
A6: CH | B6: ooredoo | C6: 00013546 | D6: 43438 | F6: =SUM(I6*G6) -> 1125.353 | G6: 1 | H6: =IF(E6="",1,0) -> 1 | I6: 1125.353 | J6: =+D6 -> 43438 | K6: 0004764 | L6: EN SIGNATURE
A7: CH | B7: IMPRIMERIE OFFICIELLE | C7: 00013547 | D7: 43438 | F7: =SUM(I7*G7) -> 0 | G7: 1 | H7: =IF(E7="",1,0) -> 1 | I7: 0 | J7: =+D7 -> 43438 | K7: 0004765 | L7: EN SIGNATURE
A8: CH | B8: IDEAL DECOR | C8: 00013548 | D8: 43439 | F8: =SUM(I8*G8) -> 174.34 | G8: 1 | H8: =IF(E8="",1,0) -> 1 | I8: 174.34 | J8: =+D8 -> 43439 | K8: 0004766 | L8: EN SIGNATURE
A9: CH | B9: ISST | C9: 00012526 | D9: 42850 | F9: =SUM(I9*G9) -> 684 | G9: 1 | H9: =IF(E9="",1,0) -> 1 | I9: 684 | J9: =+D9 -> 42850 | K9: 0003890 | L9: FINANCES
A10: CH | B10: ISST | C10: 00012668 | D10: 42921 | F10: =SUM(I10*G10) -> 684 | G10: 1 | H10: =IF(E10="",1,0) -> 1 | I10: 684 | J10: =+D10 -> 42921 | K10: 0004009 | L10: FINANCES
A11: CH | B11: STE BEN MASSOUD FRERES | C11: 00012824 | D11: 42997 | F11: =SUM(I11*G11) -> 83.1 | G11: 1 | H11: =IF(E11="",1,0) -> 1 | I11: 83.1 | J11: =+D11 -> 42997 | K11: 0004141 | L11: FINANCES
A12: CH | B12: MAISON DE LA BALANCE | C12: 00012911 | D12: 43033 | F12: =SUM(I12*G12) -> 212.9 | G12: 1 | H12: =IF(E12="",1,0) -> 1 | I12: 212.9 | J12: =+D12 -> 43033 | K12: 0004223 | L12: FINANCES
A13: CH | B13: PNA | C13: 00013212 | D13: 43160 | F13: =SUM(I13*G13) -> 111.156 | G13: 1 | H13: =IF(E13="",1,0) -> 1 | I13: 111.156 | J13: =+D13 -> 43160 | K13: 0004490 | L13: FINANCES
... A17: CH | B17: FBI | C17: 00013432 | D17: 43319 | F17: =SUM(I17*G17) -> 133.345 | G17: 1 | H17: =IF(E17="",1,0) -> 1 | I17: 133.345 | J17: =+D17 -> 43319 | K17: 0004665 | L17: FINANCES
A18: CH | B18: PNA | C18: 00013445 | D18: 43341 | F18: =SUM(I18*G18) -> 176.245 | G18: 1 | H18: =IF(E18="",1,0) -> 1 | I18: 176.245 | J18: =D18 -> 43341 | K18: 0004676 | L18: FINANCES
A19: CH | B19: SIB Kchaou | C19: 00013496 | D19: 43395 | F19: =SUM(I19*G19) -> 368.321 | G19: 1 | H19: =IF(E19="",1,0) -> 1 | I19: 368.321 | J19: 43395 | K19: 0004722 | L19: FINANCES
A20: CH | B20: STE EZZAHRA HOTEL | C20: 00013525 | D20: 43421 | F20: =SUM(I20*G20) -> 1251.197 | G20: 1 | H20: =IF(E20="",1,0) -> 1 | I20: 1251.197 | J20: =+D20 -> 43421 | K20: 0004745 | L20: FINANCES
A21: CH | B21: Maaire Nabil dabboussi | C21: 00013526 | D21: 43421 | F21: =SUM(I21*G21) -> 1894.23 | G21: 1 | H21: =IF(E21="",1,0) -> 1 | I21: 1894.23 | J21: =+D21 -> 43421 | K21: 0004746 | L21: FINANCES
A22: CH | B22: STE EZZAHRA HOTEL | C22: 00013529 | D22: 43430 | F22: =SUM(I22*G22) -> 156.6 | G22: 1 | H22: =IF(E22="",1,0) -> 1 | I22: 156.6 | J22: =+D22 -> 43430 | K22: 0004749 | L22: FINANCES
A23: CH | B23: FBI | C23: 00013530 | D23: 43430 | F23: =SUM(I23*G23) -> 106.44 | G23: 1 | H23: =IF(E23="",1,0) -> 1 | I23: 106.44 | J23: =+D23 -> 43430 | K23: 0004750 | L23: FINANCES
A24: CH | B24: DALMAS | C24: 00013531 | D24: 43430 | F24: =SUM(I24*G24) -> 777.659 | G24: 1 | H24: =IF(E24="",1,0) -> 1 | I24: 777.659 | J24: =+D24 -> 43430 | K24: 0004751 | L24: FINANCES
A25: TR | B25: BOUDRANT | C25: 00013505 | D25: 43400 | F25: =SUM(I25*G25) -> 107.674 | G25: 1 | H25: =IF(E25="",1,0) -> 1 | I25: 107.674 | J25: 43459 | K25: TR01211 | L25: FINANCES
A26: CH | B26: FBI | C26: 00013446 | D26: 43341 | E26: 43418 | F26: =SUM(I26*G26) -> 126.299 | G26: 1 | H26: =IF(E26="",1,0) -> 0 | I26: 126.299 | J26: =D26 -> 43341 | K26: 0004677
A27: CH | B27: COCEA Distribution | C27: 00013533 | D27: 43431 | E27: 43431 | F27: =SUM(I27*G27) -> 413.519 | G27: 1 | H27: =IF(E27="",1,0) -> 0 | I27: 413.519 | J27: =+D27 -> 43431 | K27: 0004753
A28: CH | B28: S. T. E. G. | C28: 00013541 | D28: 43433 | E28: 43433 | F28: =SUM(I28*G28) -> 10312.284 | G28: 1 | H28: =IF(E28="",1,0) -> 0 | I28: 10312.284 | J28: =+D28 -> 43433 | K28: 0004756
A29: CH | B29: S. T. E. G. | C29: 00013542 | D29: 43433 | E29: 43433 | F29: =SUM(I29*G29) -> 190.4 | G29: 1 | H29: =IF(E29="",1,0) -> 0 | I29: 190.4 | J29: =+D29 -> 43433 | K29: 0004757
A30: TR | B30: GENERAL INCENDIE | C30: 00013513 | D30: 43409 | E30: 43411 | F30: =SUM(I30*G30) -> 196.653 | G30: 1 | H30: =IF(E30="",1,0) -> 0 | I30: 196.653 | J30: 43480 | K30: TR01212
F31: =SUM(I31*G31) -> 0 | G31: 1 | H31: =IF(E31="",1,0) -> 1
F32: =SUM(I32*G32) -> 0 | G32: 1 | H32: =IF(E32="",1,0) -> 1
F33: =SUM(I33*G33) -> 0 | G33: 1 | H33: =IF(E33="",1,0) -> 1
F34: =SUM(I34*G34) -> 0 | G34: 1 | H34: =IF(E34="",1,0) -> 1
F35: =SUM(I35*G35) -> 0 | G35: 1 | H35: =IF(E35="",1,0) -> 1
F36: =SUM(I36*G36) -> 0 | G36: 1 | H36: =IF(E36="",1,0) -> 1
F37: =SUM(I37*G37) -> 0 | G37: 1 | H37: =IF(E37="",1,0) -> 1
F38: =SUM(I38*G38) -> 0 | G38: 1 | H38: =IF(E38="",1,0) -> 1
F39: =SUM(I39*G39) -> 0 | G39: 1 | H39: =IF(E39="",1,0) -> 1
F40: =SUM(I40*G40) -> 0 | G40: 1 | H40: =IF(E40="",1,0) -> 1
F41: =SUM(I41*G41) -> 0 | G41: 1 | H41: =IF(E41="",1,0) -> 1
F42: =SUM(I42*G42) -> 0 | G42: 1 | H42: =IF(E42="",1,0) -> 1
F43: =SUM(I43*G43) -> 0 | G43: 1 | H43: =IF(E43="",1,0) -> 1

Sheet SND
A1: TYPE | B1: DESIGN | C1: OP N° | D1: DATE-OP | E1: DATE-RECU | F1: MT OUV | G1: REG | I1: MT | J1: Banque | K1: Échéance | L1: N° CHQ | M1: STATUT
A2: CH | B2: FIXNGO | C2: 00006695 | D2: 43421 | F2: =SUM(I2*G2) -> 1058.87 | G2: 1 | H2: =IF(E2="",1,0) -> 1 | I2: 1058.87 | J2: MEGRINE | K2: =+D2 -> 43421 | L2: 0000878 | M2: FINANCES
A3: CH | B3: HELA SEMMERI | C3: 00005927 | D3: 43105 | F3: =SUM(I3*G3) -> 522.746 | G3: 1 | H3: =IF(E3="",1,0) -> 1 | I3: 522.746 | J3: MEGRINE | K3: =D3 -> 43105 | L3: 0000507 | M3: FINANCES
A4: CH | B4: BSA | C4: 00006195 | D4: 43216 | F4: =SUM(I4*G4) -> 143.4 | G4: 1 | H4: =IF(E4="",1,0) -> 1 | I4: 143.4 | J4: MEGRINE | K4: =D4 -> 43216 | L4: 0000644 | M4: FINANCES
A5: CH | B5: BSA | C5: 00006464 | D5: 43327 | F5: =SUM(I5*G5) -> 1130.544 | G5: 1 | H5: =IF(E5="",1,0) -> 1 | I5: 1130.544 | J5: MEGRINE | K5: =D5 -> 43327 | L5: 0000779 | M5: FINANCES
A6: CH | B6: FIXNGO | C6: 00006604 | D6: 43383 | F6: =SUM(I6*G6) -> 635.557 | G6: 1 | H6: =IF(E6="",1,0) -> 1 | I6: 635.557 | J6: MEGRINE | K6: 43383 | L6: 0000839 | M6: FINANCES
A7: CH | B7: OIL LIBYA | C7: 00006630 | D7: 43395 | F7: =SUM(I7*G7) -> 1524.78 | G7: 1 | H7: =IF(E7="",1,0) -> 1 | I7: 1524.78 | J7: MEGRINE | K7: =+D7 -> 43395 | L7: 0000852 | M7: FINANCES
A8: CH | B8: FIXNGO | C8: 00006645 | D8: 43402 | F8: =SUM(I8*G8) -> 112.666 | G8: 1 | H8: =IF(E8="",1,0) -> 1 | I8: 112.666 | J8: MEGRINE | K8: =+D8 -> 43402 | L8: 0000857 | M8: FINANCES
A9: CH | B9: SODEXO | C9: 00006662 | D9: 43410 | F9: =SUM(I9*G9) -> 5000.6 | G9: 1 | H9: =IF(E9="",1,0) -> 1 | I9: 5000.6 | J9: MEGRINE | K9: =+D9 -> 43410 | L9: 0000864 | M9: FINANCES
A10: CH | B10: ZRIBI MAKRAM | C10: 00006362 | D10: 43284 | F10: =SUM(I10*G10) -> 95.2 | G10: 1 | H10: =IF(E10="",1,0) -> 1 | I10: 95.2 | J10: MEGRINE | K10: =D10 -> 43284 | L10: 0000724 | M10: FINANCES
A11: CH | B11: ZRIBI MAKRAM | C11: 00006375 | D11: 43287 | F11: =SUM(I11*G11) -> 303.45 | G11: 1 | H11: =IF(E11="",1,0) -> 1 | I11: 303.45 | J11: MEGRINE | K11: =D11 -> 43287 | L11: 0000730 | M11: FINANCES
A12: CH | B12: SOGIM | C12: 00006704 | D12: 43428 | E12: 43440 | F12: =SUM(I12*G12) -> 62.212 | G12: 1 | H12: =IF(E12="",1,0) -> 0 | I12: 62.212 | J12: MEGRINE | K12: 43428 | L12: 0000881
A13: CH | B13: rs conseil | C13: 00006714 | D13: 43438 | F13: =SUM(I13*G13) -> 952.6 | G13: 1 | H13: =IF(E13="",1,0) -> 1 | I13: 952.6 | J13: MEGRINE | K13: =+D13 -> 43438 | L13: 0000887 | M13: FINANCES
A14: CH | B14: ooredoo | C14: 00006719 | D14: 43439 | F14: =SUM(I14*G14) -> 717.06 | G14: 1 | H14: =IF(E14="",1,0) -> 1 | I14: 717.06 | J14: MEGRINE | K14: =+D14 -> 43439 | L14: 0000890 | M14: FINANCES
A15: CH | B15: CAISSE | C15: 00006716 | D15: 43439 | E15: 43439 | F15: =SUM(I15*G15) -> 673.348 | G15: 1 | H15: =IF(E15="",1,0) -> 0 | I15: 673.348 | J15: GAFSA | K15: =+D15 -> 43439 | L15: 0000485
A16: CH | B16: CAISSE | C16: 00006717 | D16: 43439 | E16: 43439 | F16: =SUM(I16*G16) -> 557.7 | G16: 1 | H16: =IF(E16="",1,0) -> 0 | I16: 557.7 | J16: MEGRINE | K16: =+D16 -> 43439 | L16: 0000888
A17: CH | B17: TOTAL TUNISIE | C17: 00006718 | D17: 43439 | E17: 43439 | F17: =SUM(I17*G17) -> 9942.703 | G17: 1 | H17: =IF(E17="",1,0) -> 0 | I17: 9942.703 | J17: MEGRINE | K17: =+D17 -> 43439 | L17: 0000889
A18: TR | B18: STE NOUVELLE DES ACC NOUR | C18: 00006536 | D18: 43367 | E18: 43368 | F18: =SUM(I18*G18) -> 75000 | G18: 1 | H18: =IF(E18="",1,0) -> 0 | I18: 75000 | J18: MEGRINE | K18: 43444 | L18: TR00401
A19: TR | B19: STA NOUR | C19: 00006540 | D19: 43367 | E19: 43368 | F19: =SUM(I19*G19) -> 25000 | G19: 1 | H19: =IF(E19="",1,0) -> 0 | I19: 25000 | J19: MEGRINE | K19: 43444 | L19: TR00405
A20: TR | B20: STARPACK | C20: 00006613 | D20: 43385 | E20: 43427 | F20: =SUM(I20*G20) -> 2208.992 | G20: 1 | H20: =IF(E20="",1,0) -> 0 | I20: 2208.992 | J20: MEGRINE | K20: 43449 | L20: TR00408
A21: TR | B21: STE NOUVELLE DES ACC NOUR | C21: 00006537 | D21: 43367 | E21: 43368 | F21: =SUM(I21*G21) -> 75000 | G21: 1 | H21: =IF(E21="",1,0) -> 0 | I21: 75000 | J21: MEGRINE | K21: 43454 | L21: TR00402
A22: TR | B22: STA NOUR | C22: 00006541 | D22: 43367 | E22: 43368 | F22: =SUM(I22*G22) -> 25000 | G22: 1 | H22: =IF(E22="",1,0) -> 0 | I22: 25000 | J22: MEGRINE | K22: 43454 | L22: TR00406
A23: TR | B23: STE NOUVELLE DES ACC NOUR | C23: 00006688 | D23: 43419 | E23: 43419 | F23: =SUM(I23*G23) -> 150000 | G23: 1 | H23: =IF(E23="",1,0) -> 0 | I23: 150000 | J23: MEGRINE | K23: 43459 | L23: TR00409
A24: TR | B24: STE NOUVELLE DES ACC NOUR | C24: 00006689 | D24: 43419 | E24: 43419 | F24: =SUM(I24*G24) -> 150000 | G24: 1 | H24: =IF(E24="",1,0) -> 0 | I24: 150000 | J24: MEGRINE | K24: 43475 | L24: TR00410
A25: TR | B25: STE NOUVELLE DES ACC NOUR | C25: 00006690 | D25: 43419 | E25: 43419 | F25: =SUM(I25*G25) -> 150000 | G25: 1 | H25: =IF(E25="",1,0) -> 0 | I25: 150000 | J25: MEGRINE | K25: 43485 | L25: TR00411
A26: TR | B26: STE NOUVELLE DES ACC NOUR | C26: 00006691 | D26: 43419 | E26: 43419 | F26: =SUM(I26*G26) -> 150000 | G26: 1 | H26: =IF(E26="",1,0) -> 0 | I26: 150000 | J26: MEGRINE | K26: 43506 | L26: TR00412
A27: CH | B27: CAISSE | C27: 00006715 | D27: 43439 | E27: 43439 | F27: =SUM(I27*G27) -> 446.801 | G27: 1 | H27: =IF(E27="",1,0) -> 0 | I27: 446.801 | J27: SOUSSE | K27: =+D27 -> 43439 | L27: 0000557
F28: =SUM(I28*G28) -> 0 | G28: 1 | H28: =IF(E28="",1,0) -> 1
F29: =SUM(I29*G29) -> 0 | G29: 1 | H29: =IF(E29="",1,0) -> 1
F30: =SUM(I30*G30) -> 0 | G30: 1 | H30: =IF(E30="",1,0) -> 1
F31: =SUM(I31*G31) -> 0 | G31: 1 | H31: =IF(E31="",1,0) -> 1
F32: =SUM(I32*G32) -> 0 | G32: 1 | H32: =IF(E32="",1,0) -> 1
F33: =SUM(I33*G33) -> 0 | G33: 1 | H33: =IF(E33="",1,0) -> 1
F34: =SUM(I34*G34) -> 0 | G34: 1 | H34: =IF(E34="",1,0) -> 1
F35: =SUM(I35*G35) -> 0 | G35: 1 | H35: =IF(E35="",1,0) -> 1
F36: =SUM(I36*G36) -> 0 | G36: 1 | H36: =IF(E36="",1,0) -> 1
F37: =SUM(I37*G37) -> 0 | G37: 1 | H37: =IF(E37="",1,0) -> 1
F38: =SUM(I38*G38) -> 0 | G38: 1 | H38: =IF(E38="",1,0) -> 1
F39: =SUM(I39*G39) -> 0 | G39: 1 | H39: =IF(E39="",1,0) -> 1
... F55: =SUM(I55*G55) -> 0 | G55: 1 | H55: =IF(E55="",1,0) -> 1

Sheet TIP
A1: TYPE | B1: DESIGN | C1: OP N° | D1: DATE-OP | E1: DATE-RECU | F1: MT OUV | G1: REG | I1: MT | J1: Échéance | K1: N° CHQ | L1: STATUT
A2: CH | B2: SFAXIEN INDUSTRI.AUTOMOBILE | C2: 00000288 | D2: 43287 | F2: =SUM(I2*G2) -> 532.613 | G2: 1 | H2: =IF(E2="",1,0) -> 1 | I2: 532.613 | J2: =D2 -> 43287 | K2: 0000267 | L2: FINANCES
A3: CH | B3: BOUDRANT | C3: 00000351 | D3: 43385 | F3: =SUM(I3*G3) -> 156.496 | G3: 1 | H3: =IF(E3="",1,0) -> 1 | I3: 156.496 | J3: =+D3 -> 43385 | K3: 0000308 | L3: FINANCES
A4: CH | B4: COGEFO | C4: 00000369 | D4: 43409 | F4: =SUM(I4*G4) -> 1436.926 | G4: 1 | H4: =IF(E4="",1,0) -> 1 | I4: 1436.926 | J4: =+D4 -> 43409 | K4: 0000318 | L4: FINANCES
A5: TR | B5: SOTUFLEX | C5: 00000370 | D5: 43409 | F5: =SUM(I5*G5) -> 549.963 | G5: 1 | H5: =IF(E5="",1,0) -> 1 | I5: 549.963 | J5: 43480 | K5: TR00058 | L5: FINANCES
A6: CH | B6: SOGIM | C6: 00000375 | D6: 43430 | E6: 43440 | F6: =SUM(I6*G6) -> 1123.593 | G6: 1 | H6: =IF(E6="",1,0) -> 0 | I6: 1123.593 | J6: 43430 | K6: 0000323
A7: CH | B7: SMGFI | C7: 00000376 | D7: 43430 | F7: =SUM(I7*G7) -> 5626.911 | G7: 1 | H7: =IF(E7="",1,0) -> 1 | I7: 5626.911 | J7: 43430 | K7: 0000324 | L7: FINANCES
A8: CH | B8: BOUDRANT | C8: 00000377 | D8: 43430 | F8: =SUM(I8*G8) -> 274.883 | G8: 1 | H8: =IF(E8="",1,0) -> 1 | I8: 274.883 | J8: 43430 | K8: 0000325 | L8: FINANCES
A9: TR | B9: PROSID | C9: 00000378 | D9: 43430 | E9: 43440 | F9: =SUM(I9*G9) -> 3875.959 | G9: 1 | H9: =IF(E9="",1,0) -> 0 | I9: 3875.959 | J9: 43555 | K9: TR00059
A10: CH | B10: SMGFI | C10: 00000382 | D10: 43438 | F10: =SUM(I10*G10) -> 2813.751 | G10: 1 | H10: =IF(E10="",1,0) -> 1 | I10: 2813.751 | J10: =+D10 -> 43438 | K10: 0000327 | L10: FINANCES
A11: CH | B11: COGEFO | C11: 00000334 | D11: 43355 | E11: 43439 | F11: =SUM(I11*G11) -> 405.596 | G11: 1 | H11: =IF(E11="",1,0) -> 0 | I11: 405.596 | J11: =+D11 -> 43355 | K11: 0000295
A12: CH | B12: COGEFO | C12: 00000346 | D12: 43376 | E12: 43439 | F12: =SUM(I12*G12) -> 474.577 | G12: 1 | H12: =IF(E12="",1,0) -> 0 | I12: 474.577 | J12: 43376 | K12: 0000303
A13: TR | B13: PROSID | C13: 00000317 | D13: 43313 | E13: 43322 | F13: =SUM(I13*G13) -> 16867.731 | G13: 1 | H13: =IF(E13="",1,0) -> 0 | I13: 16867.731 | J13: 43449 | K13: TR00047
A14: TR | B14: SOTUFLEX | C14: 00000354 | D14: 43385 | E14: 43404 | F14: =SUM(I14*G14) -> 297.689 | G14: 1 | H14: =IF(E14="",1,0) -> 0 | I14: 297.689 | J14: 43454 | K14: TR00054
A15: TR | B15: GENERAL INCENDIE | C15: 00000352 | D15: 43385 | E15: 43411 | F15: =SUM(I15*G15) -> 459.94 | G15: 1 | H15: =IF(E15="",1,0) -> 0 | I15: 459.94 | J15: 43470 | K15: TR00052
A16: TR | B16: PROSID | C16: 00000353 | D16: 43385 | E16: 43400 | F16: =SUM(I16*G16) -> 12611.944 | G16: 1 | H16: =IF(E16="",1,0) -> 0 | I16: 12611.944 | J16: 43485 | K16: TR00053
A17: TR | B17: GENERAL INCENDIE | C17: 00000367 | D17: 43409 | E17: 43411 | F17: =SUM(I17*G17) -> 1222.974 | G17: 1 | H17: =IF(E17="",1,0) -> 0 | I17: 1222.974 | J17: 43490 | K17: TR00057
A18: TR | B18: PROSID | C18: 00000365 | D18: 43409 | E18: 43427 | F18: =SUM(I18*G18) -> 13743.58 | G18: 1 | H18: =IF(E18="",1,0) -> 0 | I18: 13743.58 | J18: 43511 | K18: TR00055
A19: TR | B19: PROSID | C19: 00000366 | D19: 43409 | E19: 43427 | F19: =SUM(I19*G19) -> 12997.391 | G19: 1 | H19: =IF(E19="",1,0) -> 0 | I19: 12997.391 | J19: 43539 | K19: TR00056
F20: =SUM(I20*G20) -> 0 | G20: 1 | H20: =IF(E20="",1,0) -> 1
F21: =SUM(I21*G21) -> 0 | G21: 1 | H21: =IF(E21="",1,0) -> 1
F22: =SUM(I22*G22) -> 0 | G22: 1 | H22: =IF(E22="",1,0) -> 1
F23: =SUM(I23*G23) -> 0 | G23: 1 | H23: =IF(E23="",1,0) -> 1
F24: =SUM(I24*G24) -> 0 | G24: 1 | H24: =IF(E24="",1,0) -> 1
F25: =SUM(I25*G25) -> 0 | G25: 1 | H25: =IF(E25="",1,0) -> 1
F26: =SUM(I26*G26) -> 0 | G26: 1 | H26: =IF(E26="",1,0) -> 1
F27: =SUM(I27*G27) -> 0 | G27: 1 | H27: =IF(E27="",1,0) -> 1

Sheet FH
A1: TYPE | B1: DESIGN | C1: OP N° | D1: DATE-OP | E1: DATE-RECU | F1: MT OUV | G1: REG | I1: MT | J1: Échéance | K1: N° CHQ | L1: STATUT
A2: TR | B2: STE VALDEQ | E2: 43439 | F2: =SUM(I2*G2) -> 67432.036 | G2: 1 | H2: =IF(E2="",1,0) -> 0 | I2: 67432.036 | J2: 43448 | K2: TR01465
A3: TR | B3: STE VALDEQ | E3: 43439 | F3: =SUM(I3*G3) -> 72060.974 | G3: 1 | H3: =IF(E3="",1,0) -> 0 | I3: 72060.974 | J3: 43449 | K3: TR01466
F4: =SUM(I4*G4) -> 0 | G4: 1 | H4: =IF(E4="",1,0) -> 1
F5: =SUM(I5*G5) -> 0 | G5: 1 | H5: =IF(E5="",1,0) -> 1
F6: =SUM(I6*G6) -> 0 | G6: 1 | H6: =IF(E6="",1,0) -> 1
F7: =SUM(I7*G7) -> 0 | G7: 1 | H7: =IF(E7="",1,0) -> 1
F8: =SUM(I8*G8) -> 0 | G8: 1 | H8: =IF(E8="",1,0) -> 1
F9: =SUM(I9*G9) -> 0 | G9: 1 | H9: =IF(E9="",1,0) -> 1
F10: =SUM(I10*G10) -> 0 | G10: 1 | H10: =IF(E10="",1,0) -> 1
F11: =SUM(I11*G11) -> 0 | G11: 1 | H11: =IF(E11="",1,0) -> 1
F12: =SUM(I12*G12) -> 0 | G12: 1 | H12: =IF(E12="",1,0) -> 1
F13: =SUM(I13*G13) -> 0 | G13: 1 | H13: =IF(E13="",1,0) -> 1
F14: =SUM(I14*G14) -> 0 | G14: 1 | H14: =IF(E14="",1,0) -> 1
F15: =SUM(I15*G15) -> 0 | G15: 1 | H15: =IF(E15="",1,0) -> 1
... F21: =SUM(I21*G21) -> 0 | G21: 1 | H21: =IF(E21="",1,0) -> 1

Sheet NBI
A1: TYPE | B1: DESIGN | C1: OP N° | D1: DATE-OP | E1: DATE-RECU | F1: MT OUV | G1: REG | I1: MT | J1: Échéance | K1: N° CHQ | L1: STATUT
A2: CH | B2: ASSURANCE MAGHREBIA | C2: 00000105 | D2: 43360 | F2: =SUM(I2*G2) -> 27.315 | G2: 1 | H2: =IF(E2="",1,0) -> 1 | I2: 27.315 | J2: 43360 | K2: 0000109 | L2: FINANCE
A3: TR | B3: GENERAL INCENDIE | C3: 00000114 | D3: 43385 | E3: 43411 | F3: =SUM(I3*G3) -> 1386.669 | G3: 1 | H3: =IF(E3="",1,0) -> 0 | I3: 1386.669 | J3: 43470 | K3: TR00002
F4: =SUM(I4*G4) -> 0 | G4: 1 | H4: =IF(E4="",1,0) -> 1
F5: =SUM(I5*G5) -> 0 | G5: 1 | H5: =IF(E5="",1,0) -> 1
F6: =SUM(I6*G6) -> 0 | G6: 1 | H6: =IF(E6="",1,0) -> 1
F7: =SUM(I7*G7) -> 0 | G7: 1 | H7: =IF(E7="",1,0) -> 1
F8: =SUM(I8*G8) -> 0 | G8: 1 | H8: =IF(E8="",1,0) -> 1
F9: =SUM(I9*G9) -> 0 | G9: 1 | H9: =IF(E9="",1,0) -> 1
F10: =SUM(I10*G10) -> 0 | G10: 1 | H10: =IF(E10="",1,0) -> 1
F11: =SUM(I11*G11) -> 0 | G11: 1 | H11: =IF(E11="",1,0) -> 1
F12: =SUM(I12*G12) -> 0 | G12: 1 | H12: =IF(E12="",1,0) -> 1
F13: =SUM(I13*G13) -> 0 | G13: 1 | H13: =IF(E13="",1,0) -> 1
F14: =SUM(I14*G14) -> 0 | G14: 1 | H14: =IF(E14="",1,0) -> 1
F15: =SUM(I15*G15) -> 0 | G15: 1 | H15: =IF(E15="",1,0) -> 1
... F24: =SUM(I24*G24) -> 0 | G24: 1 | H24: =IF(E24="",1,0) -> 1

Sheet Feuil1
C2: SNA | D2: STA | E2: FONDERIE | F2: SND | G2: TIP | H2: NBI | I2: PHENICIA | J2: ALPHA | K2: UTCI | L2: I ZONE | M2: ITN
A3: SNA | B3: Frs | D3: -30525.861 | G3: -10968.5
B4: Clts | H4: 351245.99 | M4: -286625.6
B5: C/C | D5: -96401.595 | G5: -871857.09 | H5: 25000 | I5: -235885.55 | M5: 9500
A6: STA | B6: Frs | E6: -450000
B7: Clts | C7: 30525.861 | J7: 15931.5
B8: C/C | C8: 96401.595
A9: FH | B9: Frs
B10: Clts | D10: 450000 | H10: 113133
B11: C/C | C11: 500000 | L11: 40000
A12: SND | B12: Frs
B13: Clts
B14: C/C
A15: TIP | B15: Frs
B16: Clts | C16: 10968.5 | H16: 61381.4
B17: C/C | C17: 871857.09
A18: NBI | B18: Frs | E18: -113133 | G18: -61381.4
B19: Clts
B20: C/C | C20: -25000
A21: PHENICIA | B21: Frs
B22: Clts
B23: C/C | C23: 235885.55 | J23: 203555.24 | K23: 314440.09 | L23: 40000
A24: ALPHA | B24: Frs
B25: Clts
B26: C/C | I26: -203555.24
A27: UTCI | B27: Frs
B28: Clts
B29: C/C | I29: -314440.09
A30: FG | B30: C/C | I30: 61530.858 | K30: -3080 | L30: -20000 | M30: -26986.693

Sheet HEMP
A2: HEMPE | B2: EUR | C2: 335000 | D2: 42898 | E2: 71000
D3: 42927 | E3: 40000
D4: 43004 | E4: 15000
D5: 43006 | E5: 16000
D6: 43020 | E6: 25000
D7: 43208 | E7: 45000
A8: HEMPE | B8: EUR | C8: =65000 -> 65000 | D8: 43189 | E8: 59500
A10: HEMPE | B10: EUR | C10: =14477.06+837.73 -> 15314.79
A11: TOTAL | C11: =SUM(C2:C10) -> 415314.79 | E11: =SUM(E2:E10) -> 271500
A13: SNA
A14: CLIENT | B14: Facture | H14: MCNE | K14: REGLEMENT | M14: DIFFERENCE
B15: Numéro | C15: Date | D15: DEV | E15: MONTANT | F15: TND | G15: Échéance | H15: Montant | I15: DATE MEP | J15: ECHEANCE | K15: Montant | L15: Date | N15: Allemagne | P15: Difference
A16: BATTERIEDIENST | B16: FN180005 | C16: 43147 | D16: EUR | E16: 73120.64 | F16: =+E16*2.9473 -> 215508.46 | G16: =+C16+60 -> 43207 | K16: 70000 | M16: =E16-K16 -> 3120.64 | N16: 95143.04 | P16: =E16-N16 -> -22022.4
A17: NOURAKKUMULATOREN | B17: FN180008 | C17: 43174 | D17: EUR | E17: 74078.35 | F17: =+E17*2.9419 -> 217931.1 | G17: =+C17+60 -> 43234 | M17: =E17-K17 -> 74078.35 | N17: 89078.35 | P17: =E17-N17 -> -15000
A18: NOURAKKUMULATOREN | B18: FN180016 | C18: 43213 | D18: EUR | E18: 70110.52 | F18: =+E18*2.95395 -> 207102.97 | G18: =+C18+60 -> 43273 | M18: =E18-K18 -> 70110.52 | N18: 80110.51 | P18: =E18-N18 -> -9999.99
A19: NOURAKKUMULATOREN | B19: FN180020 | C19: 43235 | D19: EUR | E19: 59539.5 | F19: =E19*2.97945 -> 177394.96 | G19: =+C19+60 -> 43295 | M19: =E19-K19 -> 59539.5
A20: NOURAKKUMULATOREN | B20: FN180021 | C20: 43243 | D20: EUR | E20: 64244.86 | F20: =+E20*2.97525 -> 191144.52 | G20: =+C20+60 -> 43303 | M20: =E20-K20 -> 64244.86
A21: NOURAKKUMULATOREN | B21: FN180025 | C21: 43262 | D21: EUR | E21: 62886.3 | F21: 189416.68 | G21: 43322 | M21: 62886.3
A22: NOURAKKUMULATOREN | B22: FN180031 | C22: 43291 | D22: EUR | E22: 70446.11 | F22: 216417.49 | G22: 43351 | M22: 70446.11
A26: HEMPE
A27: CLIENT | B27: Facture | H27: MCNE | K27: REGLEMENT | M27: DIFFERENCE
B28: Numéro | C28: Date | D28: DEV | E28: MONTANT | F28: TND | G28: Échéance | H28: Montant | I28: DATE MEP | J28: ECHEANCE | K28: Montant | L28: Date
A29: HEMPE | B29: FH170006 | C29: 42965 | D29: EUR | E29: 15050 | F29: =+E29*2.80865 -> 42270.183 | G29: =+C29+60 -> 43025 | M29: =E29-K29 -> 15050
A30: HEMPE | B30: FH170007 | C30: 42977 | D30: EUR | E30: 30250 | F30: =+E30*2.889 -> 87392.25 | G30: =+C30+60 -> 43037 | M30: =E30-K30 -> 30250
A31: HEMPE | B31: FH170009 | C31: 42992 | D31: EUR | E31: 34946.27 | F31: =+E31*2.899 -> 101309.24 | G31: =+C31+60 -> 43052 | M31: =E31-K31 -> 34946.27
A32: HEMPE | B32: FH170010 | C32: 43006 | D32: EUR | E32: 44550 | F32: =+E32*2.893 -> 128883.15 | G32: =+C32+60 -> 43066 | M32: =E32-K32 -> 44550
A33: HEMPE | B33: FH170011 | C33: 43019 | D33: EUR | E33: 27337.5 | F33: =+E33*2.9093 -> 79532.989 | G33: =+C33+60 -> 43079 | M33: =E33-K33 -> 27337.5
A34: HEMPE | B34: FH170012 | C34: 43034 | D34: EUR | E34: 15386.35 | F34: =+E34*2.9096 -> 44768.124 | G34: =+C34+60 -> 43094 | M34: =E34-K34 -> 15386.35
B37: EURO
A38: BATTERIEDIENST | B38: =M16 -> 3120.64
A39: NOUR Allemagne | B39: =+E17+E18+E19+E20+E21+E22 -> 401305.64
A40: HEMPE | B40: =M29+M30+M31+M32+M33+M34 -> 167520.12
B41: =SUM(B38:B40) -> 571946.4

Sheet FACT KAIS
E2: QTTE | G2: HT | H2: TVA | I2: TTC
A3: 43339 | B3: FH | C3: DECHET BATTERIE | D3: KG | E3: 36163 | F3: 1.7 | G3: =+E3*F3 -> 61477.1 | H3: =+G3*0.19 -> 11680.649 | I3: =+G3+H3+0.6 -> 73158.349
A5: 43371 | B5: SNA | C5: BATTERIE USAGE | D5: KG | E5: 43430.9 | F5: 1.45 | G5: =+E5*F5 -> 62974.805 | H5: =+G5*0.19 -> 11965.213 | I5: =+G5+H5+0.6 -> 74940.618
A7: 43371 | B7: SNA | C7: BATTERIE USAGE | D7: KG | E7: 44340.69 | F7: 1.45 | G7: =+E7*F7 -> 64294.001 | H7: =+G7*0.19 -> 12215.86 | I7: =+G7+H7+0.6 -> 76510.461
A9: 43393 | B9: FH | C9: DECHET BATTERIE | D9: KG | E9: 33840 | F9: 1.7 | G9: =+E9*F9 -> 57528 | H9: =+G9*0.19 -> 10930.32 | I9: =+G9+H9+0.6 -> 68458.92
A11: 43398 | B11: SNA | C11: BATTERIE USAGE | D11: KG | E11: 44504.83 | F11: 1.45 | G11: =+E11*F11 -> 64532.003 | H11: =+G11*0.19 -> 12261.081 | I11: =+G11+H11+0.6 -> 76793.684
A13: 43404 | B13: SNA | C13: BATTERIE USAGE | D13: KG | E13: 22825.09 | F13: 1.45 | G13: =+E13*F13 -> 33096.38 | H13: =+G13*0.19 -> 6288.3123 | I13: =+G13+H13+0.6 -> 39385.293
A15: 43416 | B15: SNA | C15: BATTERIE USAGE | D15: KG | E15: 43142.93 | F15: 1.45 | G15: =+E15*F15 -> 62557.249 | H15: =+G15*0.19 -> 11885.877 | I15: =+G15+H15+0.6 -> 74443.726
A17: 43434 | B17: SNA | C17: BATTERIE USAGE | D17: KG | E17: 41909.48 | F17: 1.45 | G17: =+E17*F17 -> 60768.746 | H17: =+G17*0.19 -> 11546.062 | I17: =+G17+H17+0.6 -> 72315.408
A19: 43437 | B19: SNA | C19: BATTERIE USAGE | D19: KG | E19: 37892.93 | F19: 1.45 | G19: =+E19*F19 -> 54944.749 | H19: =+G19*0.19 -> 10439.502 | I19: =+G19+H19+0.6 -> 65384.851
E21: =E3+E5+E7+E9+E11+E15+E17+E19 -> 325224.76 | G21: =+G19+G17+G15+G11+G9+G7+G5+G3+G13 -> 522173.03 | H21: =+H19+H17+H15+H11+H9+H7+H5+H3+H13 -> 99212.876 | I21: =+I19+I17+I15+I11+I9+I7+I5+I3+I13 -> 621391.31
C23: TVA A PAYER | F23: 0.16 | H23: =+F23*(G3+G5+G7+G9+G11+G13) -> 55024.366
F24: 0.16 | H24: =+F24*(G15+G17+G19) -> 28523.319
H25: =SUM(H23:H24) -> 83547.685

Sheet FACT SOTRAM
E2: QTTE | G2: HT | H2: TVA | I2: TTC
A3: 43399 | B3: SNA | C3: DECHET BATTERIE | D3: KG | E3: 37000 | F3: 1.8 | G3: =+E3*F3 -> 66600 | H3: =+G3*0.19 -> 12654 | I3: =+G3+H3+0.6 -> 79254.6 | K3: =+I3*0.985 -> 78065.781
K4: =+I4*0.985 -> 0
A5: 43404 | B5: SNA | C5: DECHET BATTERIE | D5: KG | E5: 36500 | F5: 1.8 | G5: =+E5*F5 -> 65700 | H5: =+G5*0.19 -> 12483 | I5: =+G5+H5+0.6 -> 78183.6 | K5: =+I5*0.985 -> 77010.846
K6: =+I6*0.985 -> 0
A7: 43419 | B7: SNA | C7: DECHET BATTERIE | D7: KG | E7: 37500 | F7: 1.8 | G7: =+E7*F7 -> 67500 | H7: =+G7*0.19 -> 12825 | I7: =+G7+H7+0.6 -> 80325.6 | K7: =+I7*0.985 -> 79120.716
K8: =+I8*0.985 -> 0
A9: 43427 | B9: SNA | C9: DECHET BATTERIE | D9: KG | E9: 36800 | F9: 1.8 | G9: =+E9*F9 -> 66240 | H9: =+G9*0.19 -> 12585.6 | I9: =+G9+H9+0.6 -> 78826.2 | K9: =+I9*0.985 -> 77643.807
E11: 38000 | F11: 1.8 | G11: =+E11*F11 -> 68400 | H11: =+G11*0.19 -> 12996 | I11: =+G11+H11+0.6 -> 81396.6
K12: =+I12*0.985 -> 0
A13: 43403 | B13: SNA | C13: BATTERIE USAGE | D13: KG | E13: 10080 | F13: 1.2 | G13: =+E13*F13*1.01 -> 12216.96 | H13: =+G13*0.19 -> 2321.2224 | I13: =+G13+H13+0.6 -> 14538.782 | K13: =+I13*0.985 -> 14320.701
E15: =E3+E5+E7+E9 -> 147800 | G15: =+G9+G7+G5+G3 -> 266040 | H15: =+H9+H7+H5+H3 -> 50547.6 | I15: =+I9+I7+I5+I3+I11 -> 397986.6
C17: TVA A PAYER | F17: 0.16 | H17: =+F17*(G3+G5+G7+G9+G11) -> 53510.4
H19: =SUM(H17:H18) -> 53510.4

Sheet Feuil2
E1: QTTE | G1: HT | H1: TVA | I1: TTC
A3: 43371 | B3: SNA | C3: DECHET BATTERIE | D3: KG | E3: 37044 | F3: 1.7 | G3: =+E3*F3 -> 62974.8 | H3: =+G3*0.19 -> 11965.212 | I3: =+G3+H3+0.6 -> 74940.612 | J3: KAIS
A5: 43371 | B5: SNA | C5: DECHET BATTERIE | D5: KG | E5: 37820 | F5: 1.7 | G5: =+E5*F5 -> 64294 | H5: =+G5*0.19 -> 12215.86 | I5: =+G5+H5+0.6 -> 76510.46 | J5: KAIS
A7: 43398 | B7: SNA | C7: DECHET BATTERIE | D7: KG | E7: 37960 | F7: 1.7 | G7: =+E7*F7 -> 64532 | H7: =+G7*0.19 -> 12261.08 | I7: =+G7+H7+0.6 -> 76793.68 | J7: KAIS
A9: 43404 | B9: SNA | C9: BATTERIE USAGE | D9: KG | E9: 30225 | F9: 1.095 | G9: =+E9*F9 -> 33096.375 | H9: =+G9*0.19 -> 6288.3112 | I9: =+G9+H9+0.6 -> 39385.286 | J9: KAIS
A11: 43416 | B11: SNA | C11: DECHET BATTERIE | D11: KG | E11: 35747 | F11: 1.75 | G11: =+E11*F11 -> 62557.25 | H11: =+G11*0.19 -> 11885.878 | I11: =+G11+H11+0.6 -> 74443.728 | J11: KAIS
A13: 43403 | B13: SNA | C13: BATTERIE USAGE | D13: KG | E13: 10080 | F13: 1.2 | G13: =+E13*F13*1.01 -> 12216.96 | H13: =+G13*0.19 -> 2321.2224 | I13: =+G13+H13+0.6 -> 14538.782 | J13: SOTRAM
G15: =SUM(G2:G13) -> 299671.39 | H15: =SUM(H2:H13) -> 56937.563 | I15: =SUM(I2:I13) -> 356612.55
